Cogmind - Beta 17.1 @@@ ROGUE MODE // 2026.09.07 @ 06:16:06 Player: 4R-ZE3 Result: Assimilated 0b10! Performance ------------- Evolutions (9) 4500 Regions Visited (31) 6200 Robots Destroyed (457) 2285 Value Destroyed (22665) 22665 Prototype IDs (34) 680 Alien Tech Used (2) 400 Bonus (21287) 21287 TOTAL SCORE: 58017 Bonus ------- High Alert Combat Kills 996 Follower Combat Kills 970 Entered Garrisons 600 Used RIF Installer 1500 Network Hubs Disabled 400 Met Data Miner 300 Met Zhirov 300 Built Enhanced Grunts 300 Met R17 at Cetus 500 Found Hidden Lab 3000 Met R17 at Research 2000 Destroyed MAIN.C Guards 500 Met MAIN.C 5000 Used 0b10 Conduit 2000 Win 3000 Friendly Fire -79 Cogmind --------- Core Integrity 969/1600 Matter 290/300 Energy 99/100 System Corruption 11% Temperature Cool (0) Movement Core (50) Location 0b10 Command Parts ------- > --- POWER (3) -------- (None) > --- PROPULSION (6) --- (None) > --- UTILITY (13) ----- (None) > --- WEAPON (4) ------- (None) > --- INVENTORY (5) ---- Transdimensional Reconstructor Enhanced Nova Cannon Smartbomb Launcher Improved Plasma Cutter Peak State ------------ > --- POWER ------------ Quantum Reactor Quantum Reactor Light Quantum Reactor > --- PROPULSION ------- Advanced Heavy Treads Improved Heavy Siege Treads Biometal Heavy Treads > --- UTILITY ---------- Cryofiber Web Advanced Heat Sink Advanced Heat Sink Advanced Heat Sink Huge Storage Unit Enhanced Optical Array Advanced Signal Interpreter Centrium Medium Armor Plating Centrium Medium Armor Plating Improved Focal Shield AEGIS Remote Shield Deep Network Scanner Relay Coupler [NC] > --- WEAPON ----------- Enhanced Nova Cannon Enhanced Nova Cannon Enhanced Nova Cannon Enhanced Nova Cannon > --- INVENTORY -------- Quantum Reactor Light Quantum Reactor Biometal Heavy Treads Biometal Heavy Treads Biometal Heavy Treads Structural Scanner Advanced Sensor Array Experimental Thermal Shield Point Defense System Relay Coupler [Brawler] Improved Dynamic Insulation System Transdimensional Reconstructor Gamma Rifle Gamma Rifle Gamma Rifle Gamma Rifle Gamma Rifle Nova Cannon Smartbomb Launcher Guided Remote Datajack Improved Plasma Cutter [Rating: 206] Favorites ----------- Power Antimatter Reactor Engine Cooled Ion Engine Power Core Reinforced Fission Core Reactor Antimatter Reactor Propulsion Light Treads Treads Light Treads Leg Carbon-fiber Leg Wheel Compact Wheel Hover Unit Makeshift Hover Unit Utility Huge Storage Unit Device Advanced Heat Sink Storage Huge Storage Unit Processor Advanced Signal Interpreter Hackware Relay Coupler [NC] Protection Improved Light Armor Plating Weapon Phase Cannon Energy Gun Beamcaster Energy Cannon Phase Cannon Ballistic Cannon Enhanced Hardcell Cannon Launcher Improved Grenade Launcher Special Weapon Remote Datajack Impact Weapon Hammer Build | -11 -10 -10 -9 -9 -8 -8 -8 -8 -7 -7 -7 -7 -7 -7 -6 -6 -6 -5 -5 -5 -4 -4 -4 -4 -4 -3 -3 -3 -2 -1 -1 ------- Run | Yrd Mat Min Mat Min Mat Gar Mat Gar Fac Was Fac Low Low Dat Pro Fac Gar Fac Upp Upp Fac Ext Cet Arc Hub Res Arm Lab Res Acc Com Slots Evolved 18 | . . . 2 . 2 . . . 2 . . . . . . 2 . 2 . . 2 . . . . 2 . . 2 2 . Power 2 | . . . . . . . . . . . . . . . . 1 . . . . . . . . . 1 . . . . . Propulsion 4 | . . . . . 1 . . . 1 . . . . . . . . 1 . . 1 . . . . . . . . . . Utility 11 | . . . 1 . 1 . . . 1 . . . . . . 1 . 1 . . 1 . . . . 1 . . 2 2 . Weapon 1 | . . . 1 . . . . . . . . . . . . . . . . . . . . . . . . . . . . Parts Attached 283 | 6 6 2 21 7 17 15 8 3 5 9 6 1 3 . 1 17 11 6 5 15 8 10 10 . 3 10 19 4 15 12 28 Power 41 | 1 2 . 2 . 2 1 . 1 . 1 . . . . . 3 3 2 . 1 1 1 1 . . 3 2 . 3 3 8 Engine 10 | 1 1 . 1 . 2 1 . 1 . . . . . . . . 1 . . 1 . . . . . . . . . . 1 Core 6 | . 1 . 1 . . . . . . . . . . . . . 2 2 . . . . . . . . . . . . . Reactor 25 | . . . . . . . . . . 1 . . . . . 3 . . . . 1 1 1 . . 3 2 . 3 3 7 Propulsion 74 | 2 1 . 4 2 4 6 5 . 1 2 . . 1 . . 2 4 1 2 6 2 9 3 . 1 2 2 . 3 4 5 Treads 63 | 2 . . 3 2 4 6 5 . 1 2 . . . . . 2 4 1 2 1 1 9 3 . 1 . 2 . 3 4 5 Leg 1 | . . . . . . . . . . . . . 1 . . . . . . . . . . . . . . . . . . Wheel 4 | . 1 . 1 . . . . . . . . . . . . . . . . 1 1 . . . . . . . . . . Hover 6 | . . . . . . . . . . . . . . . . . . . . 4 . . . . . 2 . . . . . Flight . | . . . . . . . . . . . . . . . . . . . . . . . . . . . . . . . . Utility 74 | 1 1 1 3 4 5 2 . . 3 3 5 1 1 . . 5 2 3 2 1 1 . 2 . 2 2 9 2 3 2 8 Device 47 | . . 1 1 2 3 1 . . 3 1 3 1 1 . . 1 2 2 1 1 1 . 2 . 2 2 5 2 2 1 6 Storage 4 | 1 1 . . . 1 . . . . . 1 . . . . . . . . . . . . . . . . . . . . Processor 8 | . . . . 1 . . . . . 1 . . . . . 2 . 1 . . . . . . . . . . . 1 2 Hackware 5 | . . . . . . . . . . 1 . . . . . 1 . . . . . . . . . . 2 . 1 . . Protection 10 | . . . 2 1 1 1 . . . . 1 . . . . 1 . . 1 . . . . . . . 2 . . . . Artifact . | . . . . . . . . . . . . . . . . . . . . . . . . . . . . . . . . Weapon 94 | 2 2 1 12 1 6 6 3 2 1 3 1 . 1 . 1 7 2 . 1 7 4 . 4 . . 3 6 2 6 3 7 Energy Gun 40 | 2 1 . 8 . 5 5 2 1 . 3 1 . . . 1 1 . . . . . . 1 . . . . . 4 2 3 Energy Cannon 37 | . . . 2 . . 1 1 . . . . . . . . 6 1 . 1 5 3 . 2 . . 3 5 1 2 1 3 Ballistic Gun . | . . . . . . . . . . . . . . . . . . . . . . . . . . . . . . . . Ballistic Cannon 2 | . . . . . 1 . . . . . . . . . . . . . . . . . . . . . . . . . 1 Launcher 8 | . 1 1 1 1 . . . 1 . . . . . . . . 1 . . 1 1 . . . . . . . . . . Special Weapon 5 | . . . . . . . . . 1 . . . . . . . . . . 1 . . 1 . . . 1 1 . . . Impact Weapon 2 | . . . 1 . . . . . . . . . 1 . . . . . . . . . . . . . . . . . . Slashing Weapon . | . . . . . . . . . . . . . . . . . . . . . . . . . . . . . . . . Piercing Weapon . | . . . . . . . . . . . . . . . . . . . . . . . . . . . . . . . . Special Melee Weapon . | . . . . . . . . . . . . . . . . . . . . . . . . . . . . . . . . Unidentified Prototypes 27 | . . . 2 . 4 . 1 . . . . . . . . . . . . . 3 . 3 . 1 3 1 4 1 . 4 Corrupted Parts 4 | . . . . . . 1 . . . . . . . . . . . . . . . . . . 2 . . . . . 1 System Corruption 26 | . . . . . . 5 . . . . . . . . . . . . . . . . . . 20 . . . . . 1 Parts Lost 103 | . 4 1 4 2 4 10 . 6 3 . . . . . 1 8 4 . . 9 . 3 . . 6 1 2 . 3 14 18 Power 23 | . 2 . . . 1 1 . 1 . . . . . . . 2 3 . . 1 . 1 . . . 1 . . 1 3 6 Propulsion 25 | . 1 . 1 1 . 2 . 2 . . . . . . . 2 1 . . 6 . 1 . . 2 . . . . 3 3 Utility 25 | . . . 1 1 1 3 . 2 1 . . . . . . 2 . . . 1 . 1 . . 2 . 2 . 1 4 3 Weapon 30 | . 1 1 2 . 2 4 . 1 2 . . . . . 1 2 . . . 1 . . . . 2 . . . 1 4 6 Highest Loss Streak 14 | . 2 1 3 2 1 4 . 4 3 . . . . . 1 6 3 . . 4 . 1 . . 3 1 2 . 1 14 11 To Critical Strikes 2 | . . . . . . . . . . . . . . . . . . . . . . . . . 1 . . . . 1 . Average Backups 21 | 2 7 16 19 18 22 23 23 22 21 23 23 24 23 23 22 23 24 24 25 21 24 23 23 23 22 22 21 19 20 20 17 Power 1 | . . . 1 2 1 . 1 1 1 1 3 3 3 3 3 . 1 1 2 2 2 1 3 3 3 1 1 1 1 2 1 Propulsion 2 | 1 2 5 5 3 4 6 6 5 3 2 3 3 3 3 3 2 2 2 1 . . 1 . 1 . 1 3 3 3 2 1 Utility 9 | . 2 5 5 6 7 5 7 7 8 7 8 9 8 9 9 10 12 12 13 12 13 12 12 12 11 12 11 9 8 5 6 Weapon 6 | . 1 4 6 6 8 10 8 7 8 10 8 8 7 7 6 8 7 6 5 4 6 6 5 5 4 4 4 3 4 6 4 Tool/Special . | . . . . . . . . . . . . . . . . . . . . . . . . . . . . . . . . Unused Backups 84 | . . . 15 . 1 2 5 . . 8 1 . 6 . . 3 3 3 2 . 3 2 2 . . 2 6 . 2 1 17 Power 13 | . . . 1 . . . . . . 1 . . . . . . 1 . 1 . 1 2 . . . . . . . 1 5 Propulsion 14 | . . . 5 . . 1 1 . . 1 . . 1 . . . . . . . . . . . . . 4 . 1 . . Utility 27 | . . . 4 . . . . . . 2 1 . 3 . . 1 2 1 1 . . . 2 . . 1 . . 1 . 8 Weapon 29 | . . . 5 . 1 1 4 . . 4 . . 2 . . 2 . 2 . . 2 . . . . 1 2 . . . 3 Tool/Special 1 | . . . . . . . . . . . . . . . . . . . . . . . . . . . . . . . 1 Average Slot Usage (%) 90 | . 87 87 98 99 99 99 100 96 90 88 84 84 84 84 84 91 95 99 99 84 98 94 86 84 83 83 86 85 86 86 74 Engine 2 | . 7 14 9 . 4 8 9 9 7 2 . . . . . . 2 4 . . . . . . . . . . . . . Core 2 | . 6 . 1 11 3 . . . . . . . . . . . 4 5 11 7 5 5 5 5 5 1 . . . . . Reactor 5 | . . . . . . . . . . 4 7 7 7 7 7 12 4 . . . 4 5 5 5 5 11 14 13 11 10 7 Treads 18 | . 22 14 18 21 26 26 27 26 30 20 15 15 15 15 15 18 22 29 28 13 4 24 17 15 14 9 11 13 11 10 11 Hover 1 | . . . . . . . . . . . . . . . . . . . . 7 16 . . . . 4 3 . . . . Device 15 | . . 11 11 12 9 16 18 14 14 15 14 7 7 7 10 15 15 17 16 16 20 20 20 21 21 22 20 13 19 23 24 Storage 6 | . 16 14 11 11 9 9 9 9 7 7 7 7 7 7 7 6 6 5 5 4 5 5 5 5 5 4 4 4 4 3 2 Processor 10 | . . . . 7 9 9 9 5 . 6 7 7 7 7 7 12 13 16 17 17 15 15 15 15 15 14 14 13 9 7 11 Hackware 2 | . . . . . . . . . . 6 7 7 7 7 7 4 3 . . . . . . . . . 2 4 7 6 2 Protection 2 | . . . 10 1 8 . . 3 5 . . 6 7 7 4 . . . . . . . . . . . . 3 2 6 . Energy Gun 10 | . 27 5 24 32 25 25 26 24 20 17 19 23 22 23 22 2 . . . . . . . . . . . . 2 4 4 Energy Cannon 8 | . . . 5 . . 1 . 2 . . 3 . . . . 17 19 17 17 13 14 15 14 15 14 13 12 16 13 9 2 Peak Build Rating 206 | 6 9 11 23 24 36 35 36 36 43 70 73 72 71 72 71 86 76 75 77 87 96 95 129 129 132 149 163 173 193 206 202 Average Rating 79 | 4 7 9 19 22 33 31 32 34 39 57 69 70 69 70 69 74 67 67 71 68 91 87 116 129 127 138 153 166 186 197 169 On Entrance 73 | . 6 7 10 23 24 35 30 34 35 36 70 71 71 70 71 68 72 61 70 75 87 95 91 129 129 108 149 155 172 187 106 Avg Prop Armor Cover (%) 9 | . 12 12 7 . . . . . . . . . . . . . . . . 3 13 15 . . . 2 2 . . . 14 Naked Turns 21 | . . . . . . . . . . . . . . . . . . . . . . . . . . . . . . . 21 Heaviest Build 221 | 12 52 54 69 74 102 108 106 122 118 114 120 116 120 116 116 154 140 145 147 147 159 159 155 155 157 171 173 191 211 221 181 Greatest Support 240 | 40 40 10 40 43 65 62 62 62 80 140 140 140 140 140 140 140 112 102 110 102 48 162 240 240 240 160 240 240 240 225 225 Greatest Overweight (x) 44 | 1 4 5 4 3 1 2 1 2 1 1 . . 1 . . 1 2 1 1 44 9 4 . . . 1 . . 1 1 1 Average Overweight (x) . | . 2 4 1 1 1 1 1 1 1 . . . . . . . 1 1 1 1 4 . . . . . . . . . . Largest Inventory Capacity 25 | 8 20 20 20 20 25 25 25 25 25 25 25 25 25 25 25 25 25 25 25 25 25 25 25 25 25 25 25 25 25 25 25 Average Capacity 23 | 6 19 20 20 20 25 25 25 25 25 25 25 25 25 25 25 25 25 25 25 21 25 25 25 25 25 25 25 25 25 25 24 Most Carried 25 | 4 13 18 20 20 25 25 25 25 22 25 25 25 25 25 25 25 25 25 25 25 25 25 25 25 25 25 25 25 25 25 25 Average Carried 22 | 2 7 16 19 19 23 24 24 23 21 23 24 25 24 25 24 24 24 24 24 21 24 24 24 25 24 24 24 23 24 24 19 Final Capacity 25 | 8 20 20 20 20 25 25 25 25 25 25 25 25 25 25 25 25 25 25 25 25 25 25 25 25 25 25 25 25 25 25 5 Final Carried 25 | 4 11 18 20 20 25 25 25 22 22 25 25 25 25 25 24 25 25 25 25 25 25 25 25 25 25 25 25 25 25 19 5 Class Distribution -------------------- 26% | Bothacker-Skirmisher 15% | Scavenger-Tank 13% | Gunner 8% | Scavenger-Skirmisher 8% | Skirmisher 6% | Mutant 5% | Tank 3% | Hacker-Tank Dominant Class ---------------- Mutant | -10/Materials Mutant | -10/Mines Tank | -9/Materials Gunner | -9/Mines Gunner | -8/Materials Gunner | -8/Garrison Gunner | -8/Materials Gunner | -8/Garrison Tank | -7/Factory Scavenger-Skirmisher | -7/Waste Scavenger-Skirmisher | -7/Factory Scavenger-Tank | -7/Lower Caves Scavenger-Tank | -7/Lower Caves Scavenger-Tank | -7/Data Miner Scavenger-Tank | -6/Proximity Caves Skirmisher | -6/Factory Tank | -6/Garrison Bothacker-Skirmisher | -5/Factory Bothacker-Skirmisher | -5/Upper Caves Bothacker-Skirmisher | -5/Upper Caves Bothacker-Skirmisher | -4/Factory Bothacker-Skirmisher | -4/Extension Bothacker-Skirmisher | -4/Cetus Bothacker-Skirmisher | -4/Archives Bothacker-Skirmisher | -4/Hub_04(d) Bothacker-Skirmisher | -3/Research Bothacker-Skirmisher | -3/Armory Scavenger-Tank | -3/Lab Hacker-Tank | -2/Research Hacker-Tank | -1/Access Scavenger-Mutant | -1/Command Resources | -11 -10 -10 -9 -9 -8 -8 -8 -8 -7 -7 -7 -7 -7 -7 -6 -6 -6 -5 -5 -5 -4 -4 -4 -4 -4 -3 -3 -3 -2 -1 -1 ----------- Run | Yrd Mat Min Mat Min Mat Gar Mat Gar Fac Was Fac Low Low Dat Pro Fac Gar Fac Upp Upp Fac Ext Cet Arc Hub Res Arm Lab Res Acc Com Matter Collected 7952 | 162 205 204 228 185 316 185 225 306 89 120 169 230 152 . 222 1051 287 190 153 815 363 167 120 . 181 125 457 . 555 238 252 Remotely . | . . . . . . . . . . . . . . . . . . . . . . . . . . . . . . . . Salvage Created 22869 | . 618 103 1380 99 1101 1155 272 988 218 570 346 119 230 . 165 1752 863 241 394 673 884 1400 411 40 854 247 2390 . 2537 723 2096 Parts 1017 | . 27 18 85 7 52 51 13 44 4 9 12 2 10 . 9 99 46 20 15 20 22 57 11 1 31 10 106 . 112 32 92 Haulers Intercepted 10 | . 1 . 4 . 4 . 1 . . . . . . . . . . . . . . . . . . . . . . . . Recyclers Shooed 4 | . . . 1 . . . . . . . . . . . . . . . . . . 2 . . . . . . 1 . . Parts Field Recycled . | . . . . . . . . . . . . . . . . . . . . . . . . . . . . . . . . Retrieved Matter . | . . . . . . . . . . . . . . . . . . . . . . . . . . . . . . . . Parts Self-Destructed 44 | . . . . . . . . . . . . 2 8 . 7 . . . 7 20 . . . . . . . . . . . Prevented 4 | . . . . . . . . . . . . . 2 . . . . . 2 . . . . . . . . . . . . Parts Restored . | . . . . . . . . . . . . . . . . . . . . . . . . . . . . . . . . Kills | -11 -10 -10 -9 -9 -8 -8 -8 -8 -7 -7 -7 -7 -7 -7 -6 -6 -6 -5 -5 -5 -4 -4 -4 -4 -4 -3 -3 -3 -2 -1 -1 ------- Run | Yrd Mat Min Mat Min Mat Gar Mat Gar Fac Was Fac Low Low Dat Pro Fac Gar Fac Upp Upp Fac Ext Cet Arc Hub Res Arm Lab Res Acc Com Combat Hostiles Destroyed 411 | . 16 14 32 17 19 27 5 25 4 . 5 1 5 . 9 29 22 6 2 24 8 16 6 . 9 3 37 . 30 14 26 Guns 109 | . 9 . 15 . 18 25 4 16 4 . 4 1 1 . 4 2 . . . . . . . . . . . . . 4 2 Cannons 186 | . . . 12 . . 1 . 3 . . . . 1 . . 24 18 6 2 11 8 14 2 . 5 2 30 . 23 8 16 AOE 75 | . 7 14 2 17 . . . 5 . . . . 3 . 5 . 4 . . 12 . . . . . . 2 . . 1 3 Classes Destroyed 24 | . 7 . 1 2 1 1 2 . . . 1 . 1 . 1 2 . . 1 . . 1 . . . . 2 . . 1 . Worker 7 | . 1 . 1 1 . . . . . . . . . . . . . . . . . . . . . . . . . 1 3 Builder 11 | . 2 . . 2 1 . . . . . . . . . . 4 . 1 . . . . . . 1 . . . . . . Tunneler 1 | . . . . 1 . . . . . . . . . . . . . . . . . . . . . . . . . . . Hauler 10 | . 1 . 4 . 4 . 1 . . . . . . . . . . . . . . . . . . . . . . . . Recycler 9 | . 1 . 2 . . . . . . . . . . . . . . . . . . 1 . . 1 . . . 2 . 2 Mechanic 2 | . . . . . . . 1 . . . . . . . . 1 . . . . . . . . . . . . . . . Operator 5 | . 1 . 1 . 2 . 1 . . . . . . . . . . . . . . . . . . . . . . . . Drone 2 | . . . . . . . . . . . . . . . 2 . . . . . . . . . . . . . . . . Watcher 17 | . . . . . . . . . . . 1 . . . . 4 . . . . . 3 . . 1 . 1 . 5 1 1 Swarmer 110 | . 3 12 17 . 3 6 2 4 . . . . 3 . 4 4 11 3 . 7 . . . . . . 7 . 5 9 10 Saboteur 1 | . . . . . . . . . . . . . . . . . . . . . . . . . . . 1 . . . . Grunt 110 | . 13 2 6 . 13 8 1 17 4 . . 1 . . 2 5 9 1 . 12 2 3 . . . . 9 . 2 . . Brawler 3 | . . . . . . . 1 1 . . . . . . . 1 . . . . . . . . . . . . . . . Duelist 5 | . . . . . . . . . . . . . . . . 2 . . . . . . . . . . 2 . 1 . . Protector 4 | . . . . . . . . . . . . . . . . 1 . . . . . . . . 1 . 2 . . . . Sentry 51 | . . . 9 . 2 9 1 1 . . 3 . 1 . 1 4 2 . 1 3 1 7 . . 1 . 4 . . . 1 Specialist 6 | . . . . . . . . . . . . . . . . . . . . . . . . . . . 6 . . . . Hunter 20 | . . . . . 1 . . . . . . . . . . 2 . . 1 2 . . . . . . 2 . 10 . 2 Programmer 62 | . . . . . . 4 . 2 . . 2 . . . . 10 . 2 . . 5 3 . . 2 2 5 . 12 4 9 Heavy 1 | . . . . . . . . . . . . . . . . . . . . . . . . . . . . . . 1 . Behemoth 2 | . . . . . . . . . . . . . . . . . . . . . . 1 . . . 1 . . . . . Cetus Guard 6 | . . . . . . . . . . . . . . . . . . . . . . . 6 . . . . . . . . M Guard 2 | . . . . . . . . . . . . . . . . . . . . . . . . . . . . . . . 2 Lightning 5 | . . . . . . . . . . . . . . . . . . . . . . . . . 5 . . . . . . Combat Programmer 2 | . . . . . . . . . . . . . . . . . . . . . . . . . . . . . . . 2 Samaritan 5 | . . . . . . . . . . . . . . . . . . . 5 . . . . . . . . . . . . Assembled 17 | . . . . 17 . . . . . . . . . . . . . . . . . . . . . . . . . . . Savage 1 | . . . . . . . . . . . . . . . . . . . . . . 1 . . . . . . . . . Butcher 1 | . . . . . . . . . . . . . . . . . . . . . . 1 . . . . . . . . . Mutant 1 | . . . . . . . . . . . . . 1 . . . . . . . . . . . . . . . . . . Best Kill Streak 18 | . 6 6 4 18 4 7 2 5 4 . 1 1 3 . 4 7 5 3 1 7 2 5 4 . 3 2 9 . 5 5 7 Combat Bots Only 17 | . 4 6 4 17 3 7 2 5 4 . 1 1 3 . 4 6 5 2 1 7 2 5 4 . 3 2 9 . 5 5 6 Max Kills in Single Turn 5 | . 4 4 2 5 2 2 1 2 1 . 1 1 1 . 3 2 2 1 1 2 1 2 1 . 2 1 1 . 2 1 3 Gunslinging 1 | . 1 . . . . 1 . . . . . . . . . . . . . . . . . . . . . . . . . Exploded 5 | . 3 4 2 5 . . . 2 . . . . 1 . 3 . 2 . . 2 . . . . . . 1 . . 1 3 Melee . | . . . . . . . . . . . . . . . . . . . . . . . . . . . . . . . . Uniques/NPCs Destroyed . | . . . . . . . . . . . . . . . . . . . . . . . . . . . . . . . . Combat | -11 -10 -10 -9 -9 -8 -8 -8 -8 -7 -7 -7 -7 -7 -7 -6 -6 -6 -5 -5 -5 -4 -4 -4 -4 -4 -3 -3 -3 -2 -1 -1 -------- Run | Yrd Mat Min Mat Min Mat Gar Mat Gar Fac Was Fac Low Low Dat Pro Fac Gar Fac Upp Upp Fac Ext Cet Arc Hub Res Arm Lab Res Acc Com Hostile Shots Fired 2890 | . 78 7 102 62 56 150 13 108 23 . 62 2 43 . 44 312 139 30 10 115 22 42 20 . 111 14 385 . 225 518 197 Missed 778 | . 23 3 30 18 12 36 4 23 5 . 22 . 13 . 15 79 39 10 2 39 7 11 4 . 15 4 138 . 49 130 47 Intercepted 7 | . . . . . . . . . . . . . . . . . . . . . . . . . . . . . . . 7 Hits 2112 | . 55 4 72 44 44 114 9 85 18 . 40 2 30 . 29 233 100 20 8 76 15 31 16 . 96 10 247 . 176 388 150 Melee 20 | . . . . 3 . . . 2 . . . . . . . 3 . . . . . . . . . . 5 . 1 6 . Projectile 2092 | . 55 4 72 41 44 114 9 83 18 . 40 2 30 . 29 230 100 20 8 76 15 31 16 . 96 10 242 . 175 382 150 AOE 24 | . . . . 6 . . . . . . . . . . . 1 . . . . . . . . 1 . . . . . 16 Critical Strikes 84 | . 1 . 1 2 1 3 . 3 1 . 1 . . . 1 6 1 . . 4 . 6 3 . 14 2 10 . 4 12 8 Part Disruptions 10 | . . . . 1 . . . 1 . . . . . . . . . . . . . 1 . . 1 . . . . . 6 Actively Blocked 7 | . . . . . . . . . . . . . . . . . . . . . . . . . 1 . . . . . 6 Damage Taken 33782 | . 663 74 911 839 614 1849 108 1303 292 . 362 28 277 . 302 3230 1060 276 152 1313 266 847 425 . 3147 294 3780 . 1706 4241 5423 Core 2857 | . 118 36 141 103 104 265 15 133 18 . 28 . 16 . 47 247 44 38 19 95 18 22 82 . 258 45 226 . 108 180 451 Absorbed by Shields 4125 | . . . . . . 84 . . . . . . . . . . 5 42 24 222 48 163 . . . . . . 1621 1916 . Reduced by Siege Mode 2315 | . . . . . . . . . . . 34 8 43 . 8 280 34 . . . . . 41 . 253 13 731 . 240 88 542 Ignored by Resistances 3201 | . . . . . . 17 . . . . . . . . . 28 98 35 . . . . . . . . 597 . 668 1673 85 Regen/Repaired (Parts) 3463 | . . . . . . . . . . . . . . . . 1511 . . . . . . . . . . 1952 . . . . Core Remaining (%) 64 | 100 . 38 . 39 . . . 6 . . . . . . 84 . 65 . . 84 . . . . 66 . . 79 92 . 60 Volleys Fired 1310 | . 39 7 68 17 58 67 13 54 13 5 39 3 13 . 10 112 45 33 21 84 27 48 16 2 43 17 115 14 79 43 205 Largest 4 | . 2 1 3 3 3 3 3 3 3 3 3 3 3 . 3 3 3 3 3 3 3 3 3 3 3 3 3 1 4 4 4 Hottest 480 | . 90 36 193 168 183 218 189 214 187 225 240 225 240 . 225 273 255 255 255 270 270 270 270 270 270 270 360 120 480 480 300 Shots Fired 2640 | . 67 7 175 37 139 183 40 125 29 15 68 9 26 . 18 224 80 46 57 141 55 136 48 8 116 29 215 14 218 103 212 Gun 874 | . 56 . 124 29 123 175 39 106 25 15 41 9 16 . 12 26 . . . . . . . . . . . . 11 22 45 Cannon 1674 | . . . 49 . 16 8 1 11 1 . 27 . 7 . . 188 78 46 57 119 55 136 48 8 116 29 207 14 207 80 166 Launcher 73 | . 11 7 2 8 . . . 8 . . . . 3 . 6 . 2 . . 22 . . . . . . 2 . . 1 1 Special 19 | . . . . . . . . . 3 . . . . . . 10 . . . . . . . . . . 6 . . . . Kinetic 24 | . . . . . 16 3 . . . . . . . . . . . . . . . . . . . . . . . . 5 Thermal 2389 | . 16 . 173 29 123 180 40 117 26 15 68 9 23 . 12 214 78 46 57 119 55 136 48 8 116 29 190 14 207 80 161 Explosive 73 | . 11 7 2 8 . . . 8 . . . . 3 . 6 . 2 . . 22 . . . . . . 2 . . 1 1 Electromagnetic 135 | . 40 . . . . . . . . . . . . . . . . . . . . . . . . . 17 . 11 22 45 Robot Hit Streak 40 | . 18 1 28 11 18 33 20 12 17 18 22 12 4 . 4 32 12 11 18 12 24 37 27 4 16 15 24 . 20 25 40 Robot Miss Streak 6 | . 2 3 2 6 4 1 2 5 2 1 1 1 2 . 2 3 2 1 1 4 1 2 1 2 5 1 3 . 3 3 5 Penetration Max . | . . . . . . . . . . . . . . . . . . . . . . . . . . . . . . . . Secondary Targets 25 | . 1 . . . 2 13 1 3 2 . . . . . 1 . . . . . . . . . . . . . . 2 . Max Gunslinging Chain 1 | . 1 . . . 1 1 1 1 1 . . . . . 1 . . . . . . . . . . . . . . 1 . Capacitor 194 | . . . . . . . . . . . . . . . . . . . . . . . . . . . . . . . 194 Shots Hit Robots 1660 | . 46 1 115 17 88 148 32 84 24 7 29 6 12 . 9 125 47 22 28 58 30 91 42 4 70 18 150 . 121 57 179 Core Hits 793 | . 33 15 45 33 41 51 10 43 9 6 12 3 9 . 17 53 35 8 11 60 16 43 15 2 29 3 64 . 46 23 58 Critical Kills 19 | . . . 1 . . . . . . . . . . . . 2 . . . . . 2 2 . 4 1 2 . 4 . 1 Critical Parts Destroyed . | . . . . . . . . . . . . . . . . . . . . . . . . . . . . . . . . Critical Strikes 79 | . 1 . 10 . 11 13 4 8 2 . 4 1 1 . 4 2 . . . . . 2 2 . 4 1 3 . 4 . 2 Burn 57 | . . . 9 . 11 13 4 8 2 . 4 1 1 . 4 . . . . . . . . . . . . . . . . Meltdown 19 | . . . 1 . . . . . . . . . . . . 2 . . . . . 2 2 . 4 1 2 . 4 . 1 Corrupt 3 | . 1 . . . . . . . . . . . . . . . . . . . . . . . . . 1 . . . 1 Melee Attacks 2 | . . . 1 . 1 . . . . . . . . . . . . . . . . . . . . . . . . . . Impact 2 | . . . 1 . 1 . . . . . . . . . . . . . . . . . . . . . . . . . . Slashing . | . . . . . . . . . . . . . . . . . . . . . . . . . . . . . . . . Piercing . | . . . . . . . . . . . . . . . . . . . . . . . . . . . . . . . . Sneak Attacks . | . . . . . . . . . . . . . . . . . . . . . . . . . . . . . . . . Combat Hostiles . | . . . . . . . . . . . . . . . . . . . . . . . . . . . . . . . . Follow-up Attacks . | . . . . . . . . . . . . . . . . . . . . . . . . . . . . . . . . Damage Inflicted 58066 | . 1389 1045 2201 1597 1691 2827 552 2163 392 142 646 128 516 . 668 3829 1835 720 853 4072 1052 3247 1352 128 2257 727 6036 . 5746 2575 7680 Guns 12035 | . 515 . 1387 257 1649 2789 552 1340 392 142 646 128 167 . 103 467 . . . . . . . . . . . . 316 464 721 Cannons 37316 | . . . 738 . 42 38 . 195 . . . . 97 . . 3362 1428 717 853 1627 1052 3247 1352 128 2257 727 5683 . 5352 1809 6612 Explosions 8592 | . 874 1045 76 1340 . . . 628 . . . . 252 . 565 . 407 . . 2445 . . . . . . 353 . 78 182 347 Melee . | . . . . . . . . . . . . . . . . . . . . . . . . . . . . . . . . Ramming 123 | . . . . . . . . . . . . . . . . . . 3 . . . . . . . . . . . 120 . Kinetic 259 | . . . . . 42 . . . . . . . . . . . . . . . . . . . . . . . . . 217 Thermal 47080 | . 118 90 2125 257 1649 2827 552 1535 392 142 646 128 264 . 103 3829 1428 717 853 1845 1052 3247 1352 128 2257 727 5261 . 5352 1809 6395 Explosive 8284 | . 874 955 76 1340 . . . 628 . . . . 252 . 565 . 407 . . 2227 . . . . . . 353 . 78 182 347 Electromagnetic 2320 | . 397 . . . . . . . . . . . . . . . . . . . . . . . . . 422 . 316 464 721 Impact . | . . . . . . . . . . . . . . . . . . . . . . . . . . . . . . . . Slashing . | . . . . . . . . . . . . . . . . . . . . . . . . . . . . . . . . Piercing . | . . . . . . . . . . . . . . . . . . . . . . . . . . . . . . . . Highest Corruption 42 | . . . . 2 . 9 9 11 . . 3 3 . . . 3 4 5 5 5 3 6 6 6 42 1 4 4 5 1 11 Average Corruption 4 | . . . . 2 . 7 9 10 . . 2 2 . . . 1 3 2 5 5 2 5 6 6 10 1 2 2 3 1 5 Corruption Purged 7 | . . . . . . . . . . . . 3 . . . . . . . . . . . . . . . 4 . . . Corruption Blocked . | . . . . . . . . . . . . . . . . . . . . . . . . . . . . . . . . Effects 506 | . . . . 24 . 9 42 56 . . 16 3 . . . 30 24 1 37 97 4 39 12 3 30 3 16 1 15 1 43 Message Errors 115 | . . . . 8 . 3 10 10 . . 3 1 . . . 9 4 . 11 22 1 10 4 . 1 1 4 1 2 . 10 Matter Fused 112 | . . . . 3 . . 13 15 . . 5 2 . . . 8 4 . 10 20 1 8 . . 11 . 3 . 4 . 5 Heat Flow Errors 65 | . . . . 5 . 1 6 3 . . 1 . . . . 2 6 1 3 11 2 5 1 1 3 . . . 1 . 13 Energy Discharges 64 | . . . . 4 . 2 2 8 . . 1 . . . . 5 4 . 6 10 . 5 2 . 5 1 2 . 2 1 4 Parts Rejected 3 | . . . . . . . . . . . . . . . . . . . . 1 . . . . 1 . . . . . 1 Parts Fused 11 | . . . . . . . 1 1 . . . . . . . . . . 2 4 . . . . 1 1 . . . . 1 Data Loss (minor) 59 | . . . . 1 . 1 5 5 . . 1 . . . . 4 3 . 2 13 . 6 4 . 4 . 3 . 2 . 5 Data Loss (major) 20 | . . . . 1 . 1 2 5 . . . . . . . 1 . . 2 4 . 1 . . . . 2 . 1 . . Misfires 26 | . . . . 2 . . 3 1 . . 4 . . . . . 1 . . 7 . 4 . 2 . . . . 1 . 1 Alerts 10 | . . . . . . . . 3 . . . . . . . 1 . . 1 3 . . 1 . 1 . . . . . . Weapon Failures 21 | . . . . . . 1 . 5 . . 1 . . . . . 2 . . 2 . . . . 3 . 2 . 2 . 3 Overload Shots . | . . . . . . . . . . . . . . . . . . . . . . . . . . . . . . . . Overflow Damage 1742 | . 33 77 37 41 . 21 . . . . . . . . . 108 17 30 114 76 48 37 . 2 40 49 185 . 314 210 303 Projectiles 1432 | . . . 2 . . 21 . . . . . . . . . 108 7 30 114 24 48 37 . 2 40 49 170 . 314 182 284 Explosions 282 | . 33 77 35 41 . . . . . . . . . . . . 10 . . 52 . . . . . . 15 . . . 19 Melee 28 | . . . . . . . . . . . . . . . . . . . . . . . . . . . . . . 28 . Knockbacks 2 | . . . . . . . . . . . . . . . . . . . . . . . . . . . . . . 1 1 Impact 1 | . . . . . . . . . . . . . . . . . . . . . . . . . . . . . . 1 . Kinetic 1 | . . . . . . . . . . . . . . . . . . . . . . . . . . . . . . . 1 Secondary . | . . . . . . . . . . . . . . . . . . . . . . . . . . . . . . . . Self-Inflicted Damage 673 | . 36 46 155 50 . . . 114 . . . . . . 14 . . . . 88 . . . . . . . . 86 84 . Shots 15 | . 1 1 2 2 . . . 4 . . . . . . 1 . . . . 2 . . . . . . . . 1 1 . Rammed 7 | . . . . . . . . . . . . . . . . . . . . . . . . . . . . . . 7 . Targets Rammed 8 | . . . . . . . . . . . . . . . . . . 1 . . . . . . . . . . . 7 . Kicked . | . . . . . . . . . . . . . . . . . . . . . . . . . . . . . . . . Crushed 1 | . . . . . . . . . . . . . . . . . . 1 . . . . . . . . . . . . . Highest Temperature 530 | . 327 . 270 246 210 276 220 284 5 69 266 307 289 . 177 405 171 237 255 530 370 290 16 110 336 260 369 . 518 120 327 Average Temperature 103 | . 106 . 90 81 74 100 98 134 4 31 49 127 115 . 74 98 62 97 97 119 76 76 16 61 188 128 164 . 127 45 88 Received Heat Transfer 5245 | . 333 . 150 120 324 382 45 513 180 . 78 18 72 . 108 597 195 18 13 283 36 109 . . . . 912 . 16 46 697 Effects 36 | . . . . . . 3 . 3 . . . . 2 . . 10 . . . 8 . . . . 1 2 2 . 5 . . Shutdowns 1 | . . . . . . . . . . . . . . . . 1 . . . . . . . . . . . . . . . Energy Bleed 9 | . . . . . . . . . . . . . . . . 1 . . . 2 . . . . 1 2 2 . 1 . . Interference 26 | . . . . . . 3 . 3 . . . . 2 . . 8 . . . 6 . . . . . . . . 4 . . Siege Activations 87 | . . . . . . . . . . 1 4 2 2 . 2 18 8 . . . . 4 2 . 4 1 12 . 14 5 8 Total Turns 1274 | . . . . . . . . . . 5 65 10 24 . 17 213 49 . . . . 20 41 . 112 12 311 . 189 78 128 Longest Duration 56 | . . . . . . . . . . 5 42 8 18 . 9 42 11 . . . . 6 21 . 53 12 56 . 25 23 49 Martial Activations . | . . . . . . . . . . . . . . . . . . . . . . . . . . . . . . . . Shielding Activations . | . . . . . . . . . . . . . . . . . . . . . . . . . . . . . . . . Robots Disrupted . | . . . . . . . . . . . . . . . . . . . . . . . . . . . . . . . . Combat Hostiles . | . . . . . . . . . . . . . . . . . . . . . . . . . . . . . . . . Robots Corrupted 10 | . . . . . . . . . . . . . . . . . . . . . . . . . . . 2 . 2 2 4 Combat Hostiles 9 | . . . . . . . . . . . . . . . . . . . . . . . . . . . 2 . 2 1 4 Parts Fried 18 | . 4 . . . . . . . . . . . . . . . . . . . . . . . . . 5 . 3 3 3 Impact Corruptions 1 | . . . . . . . . . . . . . . . . . . . . . . . . . . . . . . 1 . Robots Melted 33 | . . . 3 . 1 1 1 1 . . 1 . . . . 3 . . . 1 . 2 4 . 5 1 3 . 5 . 1 Combat Hostiles 32 | . . . 3 . 1 1 1 1 . . 1 . . . . 3 . . . 1 . 2 4 . 4 1 3 . 5 . 1 Parts Melted 214 | . . . 16 2 16 23 8 10 2 . 5 . 2 . . 18 3 2 2 8 6 11 7 . 14 4 19 . 21 11 4 Heat Transferred 62372 | . 333 100 5032 555 4070 6181 1480 3593 999 259 1369 296 520 . 481 4969 1739 814 1036 2396 1500 5000 2100 200 3054 809 5035 . 4292 1312 2848 Parts Sabotaged . | . . . . . . . . . . . . . . . . . . . . . . . . . . . . . . . . Parts Stolen . | . . . . . . . . . . . . . . . . . . . . . . . . . . . . . . . . Parts Stripped . | . . . . . . . . . . . . . . . . . . . . . . . . . . . . . . . . Power Chain Reactions . | . . . . . . . . . . . . . . . . . . . . . . . . . . . . . . . . Alert | -11 -10 -10 -9 -9 -8 -8 -8 -8 -7 -7 -7 -7 -7 -7 -6 -6 -6 -5 -5 -5 -4 -4 -4 -4 -4 -3 -3 -3 -2 -1 -1 ------- Run | Yrd Mat Min Mat Min Mat Gar Mat Gar Fac Was Fac Low Low Dat Pro Fac Gar Fac Upp Upp Fac Ext Cet Arc Hub Res Arm Lab Res Acc Com Maximum Alert Level 3 | . 1 1 2 . . 2 1 3 2 . . . . . . 1 3 2 . . . 1 1 1 . . 3 . 2 1 1 Low Security (%) 62 | 100 83 62 23 100 100 15 50 26 . 100 100 . . . . 87 3 3 . . 100 88 28 85 100 100 32 . 62 47 25 Level 1 25 | . 17 37 31 . . 43 49 15 86 . . . . . . 12 35 87 . . . 11 71 14 . . 36 . 18 52 74 Level 2 10 | . . . 45 . . 40 . 42 13 . . . . . . . 50 8 . . . . . . . . 23 . 18 . . Level 3 1 | . . . . . . . . 14 . . . . . . . . 10 . . . . . . . . . 7 . . . . Level 4 . | . . . . . . . . . . . . . . . . . . . . . . . . . . . . . . . . Level 5 . | . . . . . . . . . . . . . . . . . . . . . . . . . . . . . . . . High Security . | . . . . . . . . . . . . . . . . . . . . . . . . . . . . . . . . Max Security . | . . . . . . . . . . . . . . . . . . . . . . . . . . . . . . . . Peak Influence 828 | . 312 337 526 195 134 608 341 812 426 103 52 . . . . 252 828 434 . . 97 370 253 276 137 48 717 . 641 372 307 Initial 434 | . . 109 49 195 . 55 296 21 426 103 . . . . . 150 130 434 . . 94 35 190 77 89 48 . . . 71 170 Average 175 | . 102 162 324 21 58 377 191 424 340 14 7 . . . . 117 475 291 . . 27 80 212 111 36 7 320 . 184 190 224 Influence Increases 13787 | . 556 423 1052 66 545 673 189 851 106 . 223 20 110 . 160 1117 738 264 50 640 287 791 353 249 319 113 1235 . 1226 702 729 Destroy 0b10 Robot/C 8100 | . 320 280 640 . 380 560 100 500 80 . 100 20 100 . 140 560 440 120 40 480 160 460 160 100 160 60 740 . 600 280 520 Destroy 0b10 Robot/NC 385 | . 30 . 40 20 35 . 15 . . . 5 . . . 10 50 . 5 . . 15 25 10 5 20 . 15 . 35 10 40 Destroy Leader 1386 | . 72 50 168 . 78 20 32 30 10 . 52 . 10 . 10 198 30 20 10 40 40 56 . . 42 20 124 . 140 52 82 Allied During Kill 450 | . . . . . . 3 . . . . . . . . . . . . . . . 187 138 96 . . 26 . . . . Successful Hack 384 | . 28 6 20 . . . 11 14 . . 40 . . . . 22 14 . . . 21 . . . 14 . 28 . 82 48 36 Select Force Hacks 150 | . 60 . 60 . 30 . . . . . . . . . . . . . . . . . . . . . . . . . . Disable Machine 465 | . . 15 15 . . . 15 . 15 . . . . . . 45 45 . . . 15 . 15 15 15 15 135 . 60 45 . Anti-Garrison Action 300 | . . . . . . 50 . 100 . . . . . . . . 150 . . . . . . . . . . . . . . Destroy Structure 1327 | . 46 72 49 46 7 25 1 72 1 . 26 . . . . 62 29 44 . . 36 48 30 18 68 18 122 . 294 177 36 Advance Influence 150 | . . . . . . . . . . . . . . . . 150 . . . . . . . . . . . . . . . Lose Combat Pursuer 690 | . . . 60 . 15 15 15 135 . . . . . . . 30 30 75 . 120 . 15 . 15 . . 45 . 15 90 15 Influence Decreases 13621 | . 276 576 679 564 461 151 764 72 622 296 223 20 110 . 160 931 96 780 362 489 365 524 500 186 482 206 524 711 1107 554 830 Entered New Map 3485 | . . 171 78 305 2 31 312 12 386 193 . . . . . . 56 394 116 . 57 38 150 116 167 45 . 711 . 48 97 Time Decay 7974 | . 236 395 561 219 324 . 452 . 206 103 223 20 110 . 150 686 . 386 246 399 308 466 190 30 255 161 452 . 477 366 553 Lost Part 985 | . 40 10 40 20 20 100 . 60 30 . . . . . 10 75 40 . . 90 . 20 . . 60 . 20 . 30 140 180 Lost Ally 312 | . . . . 20 . 20 . . . . . . . . . 20 . . . . . . 160 40 . . 52 . . . . Purge Threat 865 | . . . . . 115 . . . . . . . . . . 150 . . . . . . . . . . . . 600 . . Squads Dispatched 65 | . 5 1 5 . 3 . 3 . 1 . 3 . . . . 14 . 2 . 1 4 1 . . 2 2 5 . 4 4 5 Investigation 14 | . 4 1 3 . 1 . 1 . . . 1 . . . . 1 . . . 1 . . . . . 1 . . . . . Extermination 31 | . . . . . . . . . 1 . 2 . . . . 9 . 2 . . 3 . . . 1 . 3 . 4 2 4 Reinforcement 16 | . 1 . 2 . 2 . 2 . . . . . . . . 2 . . . . 1 1 . . 1 1 . . . 2 1 Assault 4 | . . . . . . . . . . . . . . . . 2 . . . . . . . . . . 2 . . . . Garrison . | . . . . . . . . . . . . . . . . . . . . . . . . . . . . . . . . Intercept . | . . . . . . . . . . . . . . . . . . . . . . . . . . . . . . . . Searches Triggered . | . . . . . . . . . . . . . . . . . . . . . . . . . . . . . . . . Data Miner Redirects 1 | . . . . . . . . . . . . . . . . 1 . . . . . . . . . . . . . . . Construction Impeded 3 | . . . . . 1 . . . . . . . . . . . . . . . . . . . 1 . . . . 1 . Haulers Reinforced . | . . . . . . . . . . . . . . . . . . . . . . . . . . . . . . . . Active Scanning Responses . | . . . . . . . . . . . . . . . . . . . . . . . . . . . . . . . . Cargo Convoy Interrupts . | . . . . . . . . . . . . . . . . . . . . . . . . . . . . . . . . Stealth | -11 -10 -10 -9 -9 -8 -8 -8 -8 -7 -7 -7 -7 -7 -7 -6 -6 -6 -5 -5 -5 -4 -4 -4 -4 -4 -3 -3 -3 -2 -1 -1 --------- Run | Yrd Mat Min Mat Min Mat Gar Mat Gar Fac Was Fac Low Low Dat Pro Fac Gar Fac Upp Upp Fac Ext Cet Arc Hub Res Arm Lab Res Acc Com Distress Signals 33 | . 1 . 9 . 3 . 4 . . . 1 . . . . 4 . . . . . 4 2 . . 3 2 . . . . Communications Jammed 149 | . . . . . . . . . . . . . . . . . . . . . . . . . . . 119 . 30 . . Distress Signals 147 | . . . . . . . . . . . . . . . . . . . . . . . . . . . 119 . 28 . . Times Spotted 546 | . 20 12 54 23 26 28 9 28 4 . 7 1 5 . 7 42 21 12 2 30 10 26 11 7 17 4 45 . 36 31 28 Peak Tracking Total 19 | . 4 3 7 19 5 6 4 9 4 . 2 1 3 . 3 7 5 4 1 7 3 4 5 7 5 2 5 . 5 14 6 Tactical Retreats 35 | . . . 4 1 1 1 1 4 . . . . . . . 1 1 3 . 8 . 1 . 1 . . 2 . 1 4 1 Traps | -11 -10 -10 -9 -9 -8 -8 -8 -8 -7 -7 -7 -7 -7 -7 -6 -6 -6 -5 -5 -5 -4 -4 -4 -4 -4 -3 -3 -3 -2 -1 -1 ------- Run | Yrd Mat Min Mat Min Mat Gar Mat Gar Fac Was Fac Low Low Dat Pro Fac Gar Fac Upp Upp Fac Ext Cet Arc Hub Res Arm Lab Res Acc Com Traps Triggered 22 | . 2 . 1 . . 3 . 2 1 . 1 . . . . 2 4 1 . . . 2 . . . 1 . . . . 2 Indirectly . | . . . . . . . . . . . . . . . . . . . . . . . . . . . . . . . . Trap Hack Attempts . | . . . . . . . . . . . . . . . . . . . . . . . . . . . . . . . . Triggered . | . . . . . . . . . . . . . . . . . . . . . . . . . . . . . . . . Disarmed . | . . . . . . . . . . . . . . . . . . . . . . . . . . . . . . . . Reprogrammed . | . . . . . . . . . . . . . . . . . . . . . . . . . . . . . . . . Reused . | . . . . . . . . . . . . . . . . . . . . . . . . . . . . . . . . Traps Extracted . | . . . . . . . . . . . . . . . . . . . . . . . . . . . . . . . . Installed . | . . . . . . . . . . . . . . . . . . . . . . . . . . . . . . . . Triggered . | . . . . . . . . . . . . . . . . . . . . . . . . . . . . . . . . Machines | -11 -10 -10 -9 -9 -8 -8 -8 -8 -7 -7 -7 -7 -7 -7 -6 -6 -6 -5 -5 -5 -4 -4 -4 -4 -4 -3 -3 -3 -2 -1 -1 ---------- Run | Yrd Mat Min Mat Min Mat Gar Mat Gar Fac Was Fac Low Low Dat Pro Fac Gar Fac Upp Upp Fac Ext Cet Arc Hub Res Arm Lab Res Acc Com Machines Disabled 44 | . . 1 1 . . 1 1 . 1 . . . . . . 3 5 . . 4 1 1 1 1 1 1 9 5 4 3 . Max in Single Turn 3 | . . 1 1 . . 1 1 . 1 . . . . . . 1 1 . . 3 1 . 1 1 1 1 1 1 2 1 . Garrison Access 2 | . . . . . . . . . . . . . . . . 1 . . . . . . . . . . . . . 1 . Garrison Relay 3 | . . . . . . 1 . . . . . . . . . . 2 . . . . . . . . . . . . . . Network Hub 2 | . . . . . . . . . . . . . . . . . . . . . . . . . 2 . . . . . . Machines Repaired . | . . . . . . . . . . . . . . . . . . . . . . . . . . . . . . . . Machines Dismantled 2 | . . . . . . . . . . . . . . . . . . . . . . . 1 . 1 . . . . . . Machines Sabotaged . | . . . . . . . . . . . . . . . . . . . . . . . . . . . . . . . . Overloaded Fab Kills . | . . . . . . . . . . . . . . . . . . . . . . . . . . . . . . . . Hacking | -11 -10 -10 -9 -9 -8 -8 -8 -8 -7 -7 -7 -7 -7 -7 -6 -6 -6 -5 -5 -5 -4 -4 -4 -4 -4 -3 -3 -3 -2 -1 -1 --------- Run | Yrd Mat Min Mat Min Mat Gar Mat Gar Fac Was Fac Low Low Dat Pro Fac Gar Fac Upp Upp Fac Ext Cet Arc Hub Res Arm Lab Res Acc Com Machines Accessed 87 | . 5 2 8 . 6 2 8 2 . . 6 1 1 4 . 6 2 2 1 2 5 5 . . 2 . 1 2 5 4 5 Terminals 59 | . 3 1 5 . 4 2 6 2 . . 4 . 1 . . 4 2 2 . 1 4 5 . . 2 . 1 . 4 2 4 Fabricators 1 | . . . . . . . . . . . 1 . . . . . . . . . . . . . . . . . . . . Repair Stations . | . . . . . . . . . . . . . . . . . . . . . . . . . . . . . . . . Recycling Units 6 | . 2 . 2 . 1 . . . . . . . . . . . . . . . . . . . . . . . . . 1 Scanalyzers 7 | . . . 1 . . . 1 . . . 1 . . . . 1 . . . . 1 . . . . . . . 1 1 . Garrison Access 4 | . . . . . 1 . 1 . . . . . . . . 1 . . . . . . . . . . . . . 1 . Total Hacks 233 | . 13 2 18 . 9 2 16 3 . . 10 1 1 34 . 14 3 4 1 4 9 8 . . 6 . 3 19 24 9 20 Successful 134 | . 8 2 7 . 5 2 8 1 . . 4 1 1 34 . 4 1 . 1 4 2 3 . . 2 . 2 19 15 5 3 Failed 97 | . 5 . 10 . 4 . 8 2 . . 6 . . . . 10 2 4 . . 7 5 . . 4 . 1 . 9 3 17 Catastrophic 28 | . 3 . 4 . 1 . 2 . . . 2 . . . . 1 2 1 . . 1 3 . . 3 . . . 1 2 2 Database Lockouts 2 | . . . 1 . . . . . . . . . . . . . . . . . . . . . . . . . . 1 . Manual 87 | . 14 2 10 . 6 . 8 . . . 5 . . . . 4 1 3 . . 6 2 1 . 5 . 2 . 12 4 2 Terminals 140 | . 11 1 10 . 7 2 11 3 . . 6 . 1 . . 11 3 4 . 3 8 8 . . 6 . 3 . 20 5 17 Fabricators 2 | . . . . . . . . . . . 2 . . . . . . . . . . . . . . . . . . . . Repair Stations . | . . . . . . . . . . . . . . . . . . . . . . . . . . . . . . . . Recycling Units 9 | . 2 . 3 . 1 . . . . . . . . . . . . . . . . . . . . . . . . . 3 Scanalyzers 21 | . . . 5 . . . 4 . . . 2 . . . . 2 . . . . 1 . . . . . . . 4 3 . Garrison Access 4 | . . . . . 1 . 1 . . . . . . . . 1 . . . . . . . . . . . . . 1 . Terminal Hacks 96 | . 5 2 2 . 3 2 2 1 . . . 1 1 34 . 1 1 . 1 4 1 2 . . 1 . 1 19 9 1 2 Record 36 | . . . . . . . . . . . . . 1 11 . . . . . 3 . 2 . . . . . 19 . . . Part Schematic 13 | . . . . . . . . . . . . . . 13 . . . . . . . . . . . . . . . . . Robot Schematic 7 | . . . . . . . . . . . . . . 7 . . . . . . . . . . . . . . . . . Robot Analysis 5 | . 3 . 1 . . . . . . . . . . . . . . . . . . . . . . . . . . 1 . Prototype ID Bank 3 | . . . . . . . . . . . . . . 3 . . . . . . . . . . . . . . . . . Open Door 6 | . . 1 . . . 1 . . . . . 1 . . . . . . 1 1 . . . . . . . . . . 1 Level Access Points 1 | . . . . . . . . . . . . . . . . . . . . . . . . . . . . . 1 . . Branch Access Points 2 | . . . . . . . . . . . . . . . . . . . . . 1 . . . . . . . 1 . . Emergency Access Points 2 | . . . . . . 1 . 1 . . . . . . . . . . . . . . . . . . . . . . . Recycling Unit Index 1 | . 1 . . . . . . . . . . . . . . . . . . . . . . . . . . . . . . Garrison Index 1 | . . . . . . . . . . . . . . . . . . . . . . . . . . . . . 1 . . Unreport Threat 5 | . . . . . 1 . . . . . . . . . . . . . . . . . . . . . . . 4 . . Locate Traps 1 | . . . . . . . . . . . . . . . . . . . . . . . . . . . . . . . 1 Recall Reinforcements 1 | . . . . . 1 . . . . . . . . . . . . . . . . . . . . . . . . . . Zone Layout 11 | . 1 1 1 . 1 . 2 . . . . . . . . 1 . . . . . . . . 1 . 1 . 2 . . Patrol Navigation 1 | . . . . . . . . . . . . . . . . . 1 . . . . . . . . . . . . . . Fabricator Hacks 1 | . . . . . . . . . . . 1 . . . . . . . . . . . . . . . . . . . . Build 1 | . . . . . . . . . . . 1 . . . . . . . . . . . . . . . . . . . . Repair Station Hacks . | . . . . . . . . . . . . . . . . . . . . . . . . . . . . . . . . Recycling Unit Hacks . | . . . . . . . . . . . . . . . . . . . . . . . . . . . . . . . . Scanalyzer 12 | . . . 2 . . . 3 . . . 2 . . . . 1 . . . . . . . . . . . . 2 2 . Retrieve Study 12 | . . . 2 . . . 3 . . . 2 . . . . 1 . . . . . . . . . . . . 2 2 . Garrison Access Hacks 4 | . . . . . 1 . 1 . . . . . . . . 1 . . . . . . . . . . . . . 1 . Unlock Access 3 | . . . . . 1 . 1 . . . . . . . . 1 . . . . . . . . . . . . . . . Seal Access 1 | . . . . . . . . . . . . . . . . . . . . . . . . . . . . . . 1 . Unauthorized Hacks 21 | . 3 . 3 . 1 . 2 . . . 1 . . . . 1 . . . . 1 1 . . 1 . 1 . 4 1 1 Terminals 16 | . 1 . 1 . . . 2 . . . 1 . . . . 1 . . . . 1 1 . . 1 . 1 . 4 1 1 Botnet 14 | . 1 . 1 . . . 2 . . . 1 . . . . 1 . . . . 1 1 . . 1 . 1 . 2 1 1 Skim 2 | . . . . . . . . . . . . . . . . . . . . . . . . . . . . . 2 . . Fabricators . | . . . . . . . . . . . . . . . . . . . . . . . . . . . . . . . . Repair Stations . | . . . . . . . . . . . . . . . . . . . . . . . . . . . . . . . . Recycling Units 5 | . 2 . 2 . 1 . . . . . . . . . . . . . . . . . . . . . . . . . . Tunnel 5 | . 2 . 2 . 1 . . . . . . . . . . . . . . . . . . . . . . . . . . Scanalyzers . | . . . . . . . . . . . . . . . . . . . . . . . . . . . . . . . . Garrison Access . | . . . . . . . . . . . . . . . . . . . . . . . . . . . . . . . . Data Cores Recovered 3 | . . . . . 2 . 1 . . . . . . . . . . . . . . . . . . . . . . . . Used 1 | . . . . . 1 . . . . . . . . . . . . . . . . . . . . . . . . . . Hacking Detections 61 | . 2 1 6 . 4 1 6 2 . . 5 . 1 . . 5 2 2 . 1 5 5 . . 2 . . . 3 3 5 Full Trace Events 2 | . . . . . . . . . . . . . . . . . 1 . . 1 . . . . . . . . . . . Feedback Events 1 | . . . . . . . . . . . . . . . . . 1 . . . . . . . . . . . . . . Corruption 1 | . . . . . . . . . . . . . . . . . 1 . . . . . . . . . . . . . . Feedback Blocked . | . . . . . . . . . . . . . . . . . . . . . . . . . . . . . . . . Robot Schematics Acquired 7 | . . . . . . . . . . . . . . 7 . . . . . . . . . . . . . . . . . Robots Built . | . . . . . . . . . . . . . . . . . . . . . . . . . . . . . . . . Authchips . | . . . . . . . . . . . . . . . . . . . . . . . . . . . . . . . . Time . | . . . . . . . . . . . . . . . . . . . . . . . . . . . . . . . . Total Robot Build Rating . | . . . . . . . . . . . . . . . . . . . . . . . . . . . . . . . . Part Schematics Acquired 13 | . . . . . . . . . . . . . . 13 . . . . . . . . . . . . . . . . . Parts Built 2 | . . . . . . . . . . . 2 . . . . . . . . . . . . . . . . . . . . Authchips . | . . . . . . . . . . . . . . . . . . . . . . . . . . . . . . . . Time 53 | . . . . . . . . . . . 53 . . . . . . . . . . . . . . . . . . . . Total Part Build Rating 12 | . . . . . . . . . . . 12 . . . . . . . . . . . . . . . . . . . . Part Studies Acquired 12 | . . . 2 . . . 3 . . . 2 . . . . 1 . . . . . . . . . . . . 2 2 . Parts Repaired . | . . . . . . . . . . . . . . . . . . . . . . . . . . . . . . . . Time . | . . . . . . . . . . . . . . . . . . . . . . . . . . . . . . . . Parts Recycled . | . . . . . . . . . . . . . . . . . . . . . . . . . . . . . . . . Recycled Matter . | . . . . . . . . . . . . . . . . . . . . . . . . . . . . . . . . Retrieved Matter . | . . . . . . . . . . . . . . . . . . . . . . . . . . . . . . . . Retrieved Components . | . . . . . . . . . . . . . . . . . . . . . . . . . . . . . . . . Parts Scanalyzed . | . . . . . . . . . . . . . . . . . . . . . . . . . . . . . . . . Part Schematics Acquired . | . . . . . . . . . . . . . . . . . . . . . . . . . . . . . . . . Parts Damaged . | . . . . . . . . . . . . . . . . . . . . . . . . . . . . . . . . Bothacking | -11 -10 -10 -9 -9 -8 -8 -8 -8 -7 -7 -7 -7 -7 -7 -6 -6 -6 -5 -5 -5 -4 -4 -4 -4 -4 -3 -3 -3 -2 -1 -1 ------------ Run | Yrd Mat Min Mat Min Mat Gar Mat Gar Fac Was Fac Low Low Dat Pro Fac Gar Fac Upp Upp Fac Ext Cet Arc Hub Res Arm Lab Res Acc Com Used RIF Installer 3 | . . . . . . 1 . 1 . . . . . . . . 1 . . . . . . . . . . . . . . Signal Jammer 1 | . . . . . . . . . . . . . . . . . 1 . . . . . . . . . . . . . . Robot Detection 1 | . . . . . . . . 1 . . . . . . . . . . . . . . . . . . . . . . . Robots Hacked 9 | . . . . . . . . . 1 . . . . . . 5 . . . . . . . . . . 3 . . . . Non-combat 7 | . . . . . . . . . 1 . . . . . . 5 . . . . . . . . . . 1 . . . . Combat 2 | . . . . . . . . . . . . . . . . . . . . . . . . . . . 2 . . . . Robot Hacks Applied 9 | . . . . . . . . . 1 . . . . . . 5 . . . . . . . . . . 3 . . . . find_chute 2 | . . . . . . . . . 1 . . . . . . 1 . . . . . . . . . . . . . . . purge_threat 1 | . . . . . . . . . . . . . . . . 1 . . . . . . . . . . . . . . . overwrite_iff 2 | . . . . . . . . . . . . . . . . . . . . . . . . . . . 2 . . . . formatsys_low 4 | . . . . . . . . . . . . . . . . 3 . . . . . . . . . . 1 . . . . Relay Couplers Released 20 | . . . . . . 8 . . . . . . . . . 5 7 . . . . . . . . . . . . . . Machine Destruction 13 | . . . . . . 5 . . . . . . . . . 1 7 . . . . . . . . . . . . . . Programmers 7 | . . . . . . 3 . . . . . . . . . 4 . . . . . . . . . . . . . . . Attached 4 | . . . . . . . . . . 1 . . . . . 1 . . . . . . . . . . 2 . . . . Fabnet Peak Effective % . | . . . . . . . . . . . . . . . . . . . . . . . . . . . . . . . . Robots Rewired 14 | . . . . . . . . . . . . . . . . . . . . . . 10 . . . . 4 . . . . Allies Hacked 3 | . . . . . . . . . . . . . . . . . . . . . . . . . . . 3 . . . . Hacks Repelled . | . . . . . . . . . . . . . . . . . . . . . . . . . . . . . . . . Allies | -11 -10 -10 -9 -9 -8 -8 -8 -8 -7 -7 -7 -7 -7 -7 -6 -6 -6 -5 -5 -5 -4 -4 -4 -4 -4 -3 -3 -3 -2 -1 -1 -------- Run | Yrd Mat Min Mat Min Mat Gar Mat Gar Fac Was Fac Low Low Dat Pro Fac Gar Fac Upp Upp Fac Ext Cet Arc Hub Res Arm Lab Res Acc Com Total Allies 28 | . . . . 1 . 1 . . . . . . . . . 3 . . . . . 11 5 . . . 7 . . . . Largest Group 10 | . . . . 1 . 1 . . . . . . . . . 1 . . . . . 10 10 6 . . 4 . . . . Highest-Rated Group 495 | . . . . 31 . 20 . . . . . . . . . 23 . . . . . 495 495 445 . . 188 . . . . Highest-Rated Ally 159 | . . . . 31 . 20 . . . . . . . . . 23 . . . . . 159 135 96 . . 47 . . . . Total Orders 13 | . . . . . . . . . . . . . . . . 9 . . . . . . . . . . 4 . . . . AID 13 | . . . . . . . . . . . . . . . . 9 . . . . . . . . . . 4 . . . . Ally Attacks 171 | . . . . 3 . 5 . . . . . . . . . . . . . . . 52 37 31 . . 43 . . . . Total Damage 4674 | . . . . 21 . 171 . . . . . . . . . . . . . . . 1093 811 1600 . . 978 . . . . Kills 23 | . . . . . . 1 . . . . . . . . . . . . . . . 9 5 6 . . 2 . . . . Allies Corrupted 1 | . . . . . . . . . . . . . . . . . . . . . . . . . . . 1 . . . . Allies Melted . | . . . . . . . . . . . . . . . . . . . . . . . . . . . . . . . . Intel | -11 -10 -10 -9 -9 -8 -8 -8 -8 -7 -7 -7 -7 -7 -7 -6 -6 -6 -5 -5 -5 -4 -4 -4 -4 -4 -3 -3 -3 -2 -1 -1 ------- Run | Yrd Mat Min Mat Min Mat Gar Mat Gar Fac Was Fac Low Low Dat Pro Fac Gar Fac Upp Upp Fac Ext Cet Arc Hub Res Arm Lab Res Acc Com Active Infowar (turns) 28949 | . . . . . . . . . 314 782 1433 971 1687 188 955 3630 2 914 1957 4220 1133 1707 385 68 806 845 1292 1085 1879 1114 1582 Optics 18969 | . . . . . . . . . . . . . . . . . . 914 1957 4202 1133 1707 385 68 806 845 1292 1085 1879 1114 1582 Sensors 24413 | . . . . . . . . . . 782 1431 971 1687 188 953 3487 . 772 1936 3744 1133 1707 385 68 806 844 977 2 1630 910 . Structural 12027 | . . . . . . . . . . . 565 . . . 403 3359 2 770 1942 935 956 . . . 251 333 570 . 930 958 53 Traps 1434 | . . . . . . . . . 314 . 141 . . . . 979 . . . . . . . . . . . . . . . Robot Analysis Total 5 | . 3 . 1 . . . . . . . . . . . . . . . . . . . . . . . . . . 1 . Derelict Logs Recovered 9 | . . 2 . 2 . . . . . . . . 1 . 2 . . . 1 1 . . . . . . . . . . . Drone Launches . | . . . . . . . . . . . . . . . . . . . . . . . . . . . . . . . . Drone Recoveries . | . . . . . . . . . . . . . . . . . . . . . . . . . . . . . . . . Exploration | -11 -10 -10 -9 -9 -8 -8 -8 -8 -7 -7 -7 -7 -7 -7 -6 -6 -6 -5 -5 -5 -4 -4 -4 -4 -4 -3 -3 -3 -2 -1 -1 ------------- Run | Yrd Mat Min Mat Min Mat Gar Mat Gar Fac Was Fac Low Low Dat Pro Fac Gar Fac Upp Upp Fac Ext Cet Arc Hub Res Arm Lab Res Acc Com Turns Passed 41432 | 70 700 1108 1994 1903 1067 1132 1122 1523 438 809 1626 1028 1731 191 1004 3930 1042 915 1957 4225 1133 1707 385 68 806 845 1292 1085 1879 1114 1603 Spaces Moved 18275 | 43 281 703 869 879 340 394 462 592 178 430 782 592 1013 118 593 1380 350 386 889 1777 600 734 157 39 349 434 402 447 816 496 750 Core 180 | 12 . . . . . . . . . . . . . . . . . . . 125 . . . . . . . . . . 43 Treads 15576 | 31 147 . 619 879 340 394 462 592 178 430 782 592 1013 118 593 1380 350 386 889 867 . 687 157 39 349 434 402 447 816 496 707 Legs . | . . . . . . . . . . . . . . . . . . . . . . . . . . . . . . . . Wheels 1747 | . 134 703 250 . . . . . . . . . . . . . . . . 27 586 47 . . . . . . . . . Hover 772 | . . . . . . . . . . . . . . . . . . . . 758 14 . . . . . . . . . . Flight . | . . . . . . . . . . . . . . . . . . . . . . . . . . . . . . . . Fastest Speed 50 | 50 140 140 145 200 213 208 208 216 212 160 160 160 160 160 160 160 206 205 205 63 160 160 160 160 160 160 160 160 156 145 50 Average Speed 186 | 136 183 153 189 202 229 213 220 225 212 173 160 160 160 160 160 224 225 205 210 216 168 180 160 160 160 176 160 160 163 171 145 Slowest Speed 2250 | 160 320 155 280 280 238 272 224 317 212 212 160 160 240 160 160 238 317 205 213 2250 273 240 160 160 160 240 160 160 247 239 225 Overloaded Moves . | . . . . . . . . . . . . . . . . . . . . . . . . . . . . . . . . Propulsion Burnouts . | . . . . . . . . . . . . . . . . . . . . . . . . . . . . . . . . Robots Hopped 1 | . . . . . . . . . . . . . . . . . . . . . . . . . . 1 . . . . . Potential Cave-ins 2 | . . . . . . . . . . . . . . . . . . . . . . . . . . . . . 2 . . Cave-ins Triggered . | . . . . . . . . . . . . . . . . . . . . . . . . . . . . . . . . Exploration Rate (%) 54 | 3 62 98 89 99 38 44 58 59 8 96 17 75 94 69 67 41 47 15 98 97 17 81 69 82 38 12 29 95 23 11 22 Regions Visited 31 Branch Regions 15 Pre-discovered Areas 7 | . 2 . 2 1 1 . . . . . . . . 1 . . . . . . . . . . . . . . . . . Known Exits Taken 21 | . . . . . 1 . 1 . . . 1 1 1 1 1 1 . 1 1 1 1 1 1 1 1 1 1 1 1 1 . Unknown Exits Taken 5 | 1 1 1 1 1 . . . . . . . . . . . . . . . . . . . . . . . . . . . Scrap Searched 24 | . . 2 . 3 . . . . . . . 2 7 . 3 . . . 4 3 . . . . . . . . . . . Spaces Dug 205 | . . . 1 . 2 . 1 . 1 . 19 . 3 . . 24 . 18 11 38 15 . . . 6 6 11 . 28 14 7 Terrain Destroyed 1106 | . 54 95 36 79 3 . 1 67 1 . 26 . 32 . 39 64 38 22 28 172 20 21 2 . 35 9 71 . 111 63 17 Melee 2 | . . . 1 . 1 . . . . . . . . . . . . . . . . . . . . . . . . . . Projectile 462 | . . . 2 . 2 . 1 . 1 . 26 . 4 . . 64 . 22 28 62 20 21 2 . 35 9 38 . 77 31 17 AOE 642 | . 54 95 33 79 . . . 67 . . . . 28 . 39 . 38 . . 110 . . . . . . 33 . 34 32 . Terrain Rammed . | . . . . . . . . . . . . . . . . . . . . . . . . . . . . . . . . Walls Destroyed . | . . . . . . . . . . . . . . . . . . . . . . . . . . . . . . . . Machines Disabled . | . . . . . . . . . . . . . . . . . . . . . . . . . . . . . . . . Actions | -11 -10 -10 -9 -9 -8 -8 -8 -8 -7 -7 -7 -7 -7 -7 -6 -6 -6 -5 -5 -5 -4 -4 -4 -4 -4 -3 -3 -3 -2 -1 -1 --------- Run | Yrd Mat Min Mat Min Mat Gar Mat Gar Fac Was Fac Low Low Dat Pro Fac Gar Fac Upp Upp Fac Ext Cet Arc Hub Res Arm Lab Res Acc Com Total 23531 | 52 395 726 1095 973 519 546 545 672 214 487 1092 664 1102 119 628 2005 536 471 936 2016 679 1018 249 40 499 491 860 801 1181 673 1247 Wait 2553 | . 55 7 72 61 69 34 39 9 10 12 234 62 39 . 14 362 95 10 5 66 15 110 39 . 89 8 250 325 196 56 210 Move 18246 | 42 280 702 868 878 340 393 462 591 178 429 781 591 1012 117 592 1380 349 385 888 1776 599 733 156 38 348 431 401 446 815 495 750 Hop 1 | . . . . . . . . . . . . . . . . . . . . . . . . . . 1 . . . . . Pick Up 284 | 4 9 7 32 3 15 14 6 3 4 14 3 . 9 . . 27 13 11 4 26 4 4 4 . 2 10 10 4 10 9 23 Fast Attach 109 | 6 2 2 2 . 5 1 2 1 . 3 2 2 4 . . . 2 . 2 12 8 7 5 . 3 4 7 2 2 4 19 Attach 142 | . 3 . 8 5 9 10 . 5 4 2 . . 1 . 1 17 7 3 1 8 3 2 1 . 4 7 5 2 6 12 16 Detach 35 | . 1 . 1 2 3 1 . . . . . . 1 . . 5 . . . 1 3 1 1 . 2 3 2 . . 2 6 Swap 437 | . 6 . 12 5 8 10 9 8 5 6 27 4 9 2 11 88 8 16 8 32 8 3 6 . 5 2 37 5 62 31 4 Drop 263 | . . 1 31 2 11 10 14 . . 15 6 2 14 . . 14 9 12 7 11 12 11 13 . . 8 20 3 11 14 12 Fire 1310 | . 39 7 68 17 58 67 13 54 13 5 39 3 13 . 10 112 45 33 21 84 27 48 16 2 43 17 115 14 79 43 205 Melee 2 | . . . 1 . 1 . . . . . . . . . . . . . . . . . . . . . . . . . . Ram . | . . . . . . . . . . . . . . . . . . . . . . . . . . . . . . . . Kick . | . . . . . . . . . . . . . . . . . . . . . . . . . . . . . . . . Crush 8 | . . . . . . . . . . . . . . . . . . 1 . . . . . . . . . . . 7 . Escape Stasis 16 | . . . . . . 6 . . . . . . . . . . 8 . . . . 2 . . . . . . . . . Rewire 114 | . . . . . . . . 1 . 1 . . . . . . . . . . . 97 . . . . 13 . . . 2 Trap . | . . . . . . . . . . . . . . . . . . . . . . . . . . . . . . . . Miscellaneous 11 | . . . . . . . . . . . . . . . . . . . . . . . 8 . 3 . . . . . . Route ------- -11/Scrapyard -10/Materials (discovered 2 exits: *Mat / *Min) -10/Mines (discovered 3 exits: *Mat x2 / [*Exi]) -9/Materials (discovered 5 exits: *Mat x3 / [*Min x2]) -9/Mines (discovered 2 exits: *Mat x2) -8/Materials (discovered 2 exits: [*Fac] / Gar) -8/Garrison -8/Materials (discovered 2 exits: [*Fac] / Gar) -8/Garrison (discovered 3 exits: [*Fac x2] / [*Mat]) -7/Factory -7/Waste -7/Factory -7/Lower Caves -7/Lower Caves (discovered 2 exits: *Fac / *Dat) -7/Data Miner -6/Proximity Caves -6/Factory (discovered 3 exits: *Fac / Low / Gar) -6/Garrison (discovered 2 exits: *Fac x2) -5/Factory (discovered 2 exits: *Fac / *Upp) -5/Upper Caves -5/Upper Caves (discovered 2 exits: *Fac / *War) -4/Factory (discovered 4 exits: Upp x2 / *Ext x2) -4/Extension (discovered 2 exits: *Res / *Cet) -4/Cetus (discovered 2 exits: *Res / *Arc) -4/Archives (discovered 2 exits: *Hub x2) -4/Hub_04(d) -3/Research -3/Armory -3/Lab -2/Research (discovered 5 exits: *Acc x3 / Tes x2) -1/Access -1/Command 0b10 Command History --------- Turn | Location | Event 10 | -11/Scrapyard | Discovered new exit (range 15) 71 | -11/Scrapyard | Entered Materials 303 | -10/Materials | Build established: Mutant 619 | -10/Materials | Discovered new exit (range 10) 746 | -10/Materials | Discovered new exit (range 12) 771 | -10/Materials | Entered Mines 797 | -10/Mines | Met a Derelict bent on vengeance 881 | -10/Mines | Met a Derelict shopkeep closing up shop 968 | -10/Mines | Discovered new exit (range 15) 1010 | -10/Mines | Learned Materials garrison access intel 1107 | -10/Mines | Core integrity fell below 50% 1388 | -10/Mines | Discovered new exit (range 6) 1770 | -10/Mines | YI-UF0 nonchalantly dropped a Grenade Launcher on the ground 1783 | -10/Mines | Deemed a non-threat by the Exiles lab entrance 1783 | -10/Mines | Discovered new exit (range 5) 1879 | -10/Mines | Entered Materials 1879 | -9/Materials | Evolved 2 slots: Utility x1, Weapon x1 2376 | -9/Materials | Lost 3 parts (1u2w) 2553 | -9/Materials | Discovered new exit (range 16) 2721 | -9/Materials | Discovered new exit (range 15) 2727 | -9/Materials | Build established: Scavenger-Bomber 2993 | -9/Materials | Discovered new exit (range 15) 3219 | -9/Materials | Build established: Bomber 3457 | -9/Materials | Central database locked down 3550 | -9/Materials | Discovered new exit (range 16) 3621 | -9/Materials | Build established: Tank 3863 | -9/Materials | Discovered new exit (range 6) 3873 | -9/Materials | Entered Mines 3877 | -9/Mines | Learned 4 Materials zone layouts 3895 | -9/Mines | Learned location of Zion (-6) 3955 | -9/Mines | Found a hidden stash of uninstalled traps 4006 | -9/Mines | Received a Mining Laser from a helpful Derelict 4160 | -9/Mines | Assembled infested the area 4211 | -9/Mines | Destroyed 17 combat bots 4436 | -9/Mines | Core integrity fell below 50% 4467 | -9/Mines | Build established: Gunner 4681 | -9/Mines | Received a Rocket Launcher from a helpful Derelict 4895 | -9/Mines | Discovered new exit (range 15) 5228 | -9/Mines | Discovered new exit (range 9) 5776 | -9/Mines | Entered Materials 5776 | -8/Materials | Evolved 2 slots: Propulsion x1, Utility x1 5778 | -8/Materials | Loaded intel: 1 garrison access location 6370 | -8/Materials | Discovered new exit (range 11) 6843 | -8/Materials | Identified exit to Garrison 6843 | -8/Materials | Entered Garrison 6905 | -8/Garrison | Triggered checkpoint 7001 | -8/Garrison | Triggered checkpoint 7064 | -8/Garrison | Installed Relay Interface Framework 7233 | -8/Garrison | Spotted B-75 Beast 7240 | -8/Garrison | Rescued a captive Derelict 7249 | -8/Garrison | Core integrity fell below 50% 7250 | -8/Garrison | Allies destroyed B-75 Beast 7275 | -8/Garrison | Lost 4 parts (1n1u2w) 7305 | -8/Garrison | Triggered checkpoint 7385 | -8/Garrison | Destroyed 7 combat bots 7471 | -8/Garrison | Discovered new exit (range 10) 7517 | -8/Garrison | Triggered checkpoint 7556 | -8/Garrison | Garrison Relay disabled 7975 | -8/Garrison | Entered Materials 8240 | -8/Materials | Met 7R-MNS 8419 | -8/Materials | Discovered new exit (range 15) 9097 | -8/Materials | Identified exit to Garrison 9097 | -8/Materials | Entered Garrison 9203 | -8/Garrison | Triggered checkpoint 9321 | -8/Garrison | Triggered checkpoint 9339 | -8/Garrison | Discovered new exit (range 5) 9458 | -8/Garrison | System corruption reached 10% 9509 | -8/Garrison | Core integrity fell below 20% 9715 | -8/Garrison | Spotted B-75 Beast 9783 | -8/Garrison | Triggered checkpoint 9811 | -8/Garrison | Discovered new exit (range 10) 10029 | -8/Garrison | Triggered checkpoint 10072 | -8/Garrison | Lost 4 parts (2n2u) 10189 | -8/Garrison | Triggered checkpoint 10266 | -8/Garrison | Discovered new exit (range 12) 10339 | -8/Garrison | Build established: Tank 10387 | -8/Garrison | Triggered checkpoint 10471 | -8/Garrison | Expanded RIF knowledge: Robot Detection 10620 | -8/Garrison | Entered Factory 10620 | -7/Factory | Evolved 2 slots: Propulsion x1, Utility x1 10621 | -7/Factory | Identified exit to Storage 10982 | -7/Factory | Lost 3 parts (1u2w) 11058 | -7/Factory | Manually triggered Chute Trap 11058 | -7/Factory | Sucked down chute 11058 | -7/Factory | Entered Waste 11058 | -7/Waste | The area was eerily silent 11326 | -7/Waste | Discovered new exit (range 13) 11378 | -7/Waste | Build established: Scavenger-Skirmisher 11488 | -7/Waste | Identified exit to Factory 11867 | -7/Waste | Entered Factory 11871 | -7/Factory | Build established: Skirmisher 12076 | -7/Factory | Fabricated Imp. Dynamic Insulation System (x2) 13072 | -7/Factory | Discovered new exit (range 4) 13077 | -7/Factory | Identified exit to Lower Caves 13125 | -7/Factory | Build established: Scavenger-Skirmisher 13493 | -7/Factory | Entered Lower Caves 13599 | -7/Lower Caves | Found DCF Scrap (11 items) 13942 | -7/Lower Caves | Build established: Scavenger-Tank 14302 | -7/Lower Caves | Discovered new exit (range 15) 14321 | -7/Lower Caves | Identified exit to Lower Caves 14521 | -7/Lower Caves | Entered another Lower Caves area 14828 | -7/Lower Caves | Discovered new exit (range 5) 15490 | -7/Lower Caves | Attracted the attention of an 0b10 checkpoint 15532 | -7/Lower Caves | Learned Factory non-interactive machine intel 15936 | -7/Lower Caves | Discovered new exit (range 8) 16250 | -7/Lower Caves | Identified exit to Data Miner 16252 | -7/Lower Caves | Entered Data Miner 16252 | -7/Data Miner | Discovered new exit (range 6) 16283 | -7/Data Miner | Met Data Miner 16312 | -7/Data Miner | Learned location of Section 7 (-2) 16312 | -7/Data Miner | Acquired the access code to Warlord's prototype stash 16340 | -7/Data Miner | Received God Mode back door access code from Data Miner 16438 | -7/Data Miner | Identified exit to Proximity Caves 16443 | -7/Data Miner | Entered Proximity Caves 16446 | -6/Proximity Caves | Spotter reported a threat 16551 | -6/Proximity Caves | Learned 4 Factory zone layouts 17087 | -6/Proximity Caves | Attracted the attention of an 0b10 checkpoint 17364 | -6/Proximity Caves | Discovered new exit (range 6) 17372 | -6/Proximity Caves | Build established: Scavenger-Skirmisher 17446 | -6/Proximity Caves | Identified exit to Factory 17447 | -6/Proximity Caves | Entered Factory 17447 | -6/Factory | Evolved 2 slots: Power x1, Utility x1 17448 | -6/Factory | Identified exit to Lower Caves 17450 | -6/Factory | Loaded intel: 236 non-interactive machine locations 18042 | -6/Factory | Lost 6 parts (1p2n1u2w) 19343 | -6/Factory | Discovered new exit (range 15) 19386 | -6/Factory | Identified exit to Factory 19533 | -6/Factory | Build established: Skirmisher 20031 | -6/Factory | Incoming investigation squad redirected 21377 | -6/Factory | Identified exit to Garrison 21377 | -6/Factory | Entered Garrison 21517 | -6/Garrison | Triggered checkpoint 21562 | -6/Garrison | Garrison Relay disabled 21670 | -6/Garrison | Triggered checkpoint 21686 | -6/Garrison | Build established: Tank 21926 | -6/Garrison | Discovered exit to Factory (range 13) 21969 | -6/Garrison | Triggered checkpoint 22017 | -6/Garrison | Lost 3 parts (2p1n) 22041 | -6/Garrison | Garrison Relay disabled 22178 | -6/Garrison | Triggered checkpoint 22338 | -6/Garrison | Discovered exit to Factory (range 12) 22363 | -6/Garrison | Expanded RIF knowledge: Signal Jamming 22419 | -6/Garrison | Entered Factory 22419 | -5/Factory | Evolved 2 slots: Propulsion x1, Utility x1 22787 | -5/Factory | Build established: Bothacker-Skirmisher 23012 | -5/Factory | Discovered new exit (range 11) 23045 | -5/Factory | Identified exit to Factory 23131 | -5/Factory | Discovered new exit (range 12) 23202 | -5/Factory | Identified exit to Upper Caves 23334 | -5/Factory | Entered Upper Caves 23722 | -5/Upper Caves | Learned Factory trap positions 24502 | -5/Upper Caves | Attracted the attention of an 0b10 checkpoint 25206 | -5/Upper Caves | Discovered new exit (range 15) 25286 | -5/Upper Caves | Identified exit to Upper Caves 25291 | -5/Upper Caves | Entered another Upper Caves area 25291 | -5/Upper Caves | Discovered exit to Factory (range 17) 25308 | -5/Upper Caves | Attracted the attention of an 0b10 checkpoint 27153 | -5/Upper Caves | Destroyed 7 combat bots 27188 | -5/Upper Caves | Lost 3 parts (2n1w) 27254 | -5/Upper Caves | Attracted the attention of an 0b10 base 27289 | -5/Upper Caves | Lost 4 parts (1p2n1u) 27330 | -5/Upper Caves | Learned Factory terminal intel 27330 | -5/Upper Caves | Learned Research security intel 27330 | -5/Upper Caves | Learned Armory stockpile data 27880 | -5/Upper Caves | Build established: Mutant 28602 | -5/Upper Caves | Build established: Bothacker-Skirmisher 28728 | -5/Upper Caves | Discovered new exit (range 8) 28744 | -5/Upper Caves | Identified exit to Warlord 29516 | -5/Upper Caves | Entered Factory 29516 | -4/Factory | Evolved 2 slots: Propulsion x1, Utility x1 29517 | -4/Factory | Identified exit to Upper Caves 29518 | -4/Factory | Loaded intel: 98 trap records 29519 | -4/Factory | Loaded intel: 27 terminal locations 29915 | -4/Factory | Found Prototype Launcher 29915 | -4/Factory | Identified Smartbomb Launcher 30145 | -4/Factory | Identified exit to Extension 30649 | -4/Factory | Entered Extension 31256 | -4/Extension | Rescued A7 31259 | -4/Extension | Spotted B-86 Titan 31281 | -4/Extension | Spotted B-86 Titan 31296 | -4/Extension | Allies destroyed B-86 Titan 31310 | -4/Extension | Destroyed B-86 Titan 32316 | -4/Extension | Discovered new exit (range 10) 32318 | -4/Extension | Discovered new exit (range 6) 32326 | -4/Extension | Identified exit to Cetus 32356 | -4/Extension | Entered Cetus 32356 | -4/Cetus | Accompanied by 10 allies (A7) 32361 | -4/Cetus | Acquired a Cetus Manufacturing Module code from A7 32367 | -4/Cetus | Build established: Commander-Skirmisher 32371 | -4/Cetus | Spotted Cetus Guard 32372 | -4/Cetus | Spotted Cetus Guard 32372 | -4/Cetus | Spotted Cetus Guard 32377 | -4/Cetus | Spotted Cetus Guard 32385 | -4/Cetus | Destroyed Cetus Guard 32387 | -4/Cetus | Destroyed Cetus Guard 32394 | -4/Cetus | Destroyed Cetus Guard 32400 | -4/Cetus | Destroyed Cetus Guard 32415 | -4/Cetus | Extracted ID and sensor layout for unrecognized location from A7's data core 32428 | -4/Cetus | Lost 4 allies 32503 | -4/Cetus | Started Cetus Manufacturing Module 32528 | -4/Cetus | Manufactured an Enhanced Grunt 32538 | -4/Cetus | Discovered new exit (range 21) 32553 | -4/Cetus | Manufactured an Enhanced Grunt 32571 | -4/Cetus | Spotted Cetus Guard 32573 | -4/Cetus | Spotted Cetus Guard 32574 | -4/Cetus | Spotted Cetus Guard 32576 | -4/Cetus | Spotted Cetus Guard 32578 | -4/Cetus | Manufactured an Enhanced Grunt 32586 | -4/Cetus | Allies destroyed Cetus Guard 32595 | -4/Cetus | Destroyed Cetus Guard 32598 | -4/Cetus | Destroyed Cetus Guard 32600 | -4/Cetus | Allies destroyed Cetus Guard 32603 | -4/Cetus | Manufactured an Enhanced Grunt 32616 | -4/Cetus | Found Prototype Device 32616 | -4/Cetus | Identified Exp. Thermal Shield 32625 | -4/Cetus | Discovered new exit (range 21) 32628 | -4/Cetus | Manufactured an Enhanced Grunt 32628 | -4/Cetus | Lost 4 allies 32643 | -4/Cetus | Met Revision 17 32715 | -4/Cetus | Identified exit to Archives 32741 | -4/Cetus | Entered Archives 32741 | -4/Archives | Accompanied by 6 allies 32759 | -4/Archives | Met Zhirov 32761 | -4/Archives | Discovered new exit (range 22) 32765 | -4/Archives | Reinforcements dispatched to Archives 32769 | -4/Archives | Discovered new exit (range 22) 32807 | -4/Archives | Identified exit to Hub_04(d) 32809 | -4/Archives | Entered Hub_04(d) 32839 | -4/Hub_04(d) | Lost 3 allies 32875 | -4/Hub_04(d) | Build established: Bothacker-Skirmisher 33258 | -4/Hub_04(d) | Discovered new exit (range 18) 33358 | -4/Hub_04(d) | Network Hub disabled 33412 | -4/Hub_04(d) | Identified exit to Research 33442 | -4/Hub_04(d) | Spotted Lightning 33449 | -4/Hub_04(d) | Spotted Lightning 33450 | -4/Hub_04(d) | System corruption reached 10% 33454 | -4/Hub_04(d) | Spotted Lightning 33468 | -4/Hub_04(d) | Destroyed Lightning 33473 | -4/Hub_04(d) | Destroyed Lightning 33501 | -4/Hub_04(d) | Destroyed Lightning 33513 | -4/Hub_04(d) | Spotted Lightning 33514 | -4/Hub_04(d) | Spotted Lightning 33515 | -4/Hub_04(d) | Spotted Lightning 33519 | -4/Hub_04(d) | Network Hub disabled 33525 | -4/Hub_04(d) | System corruption reached 30% 33541 | -4/Hub_04(d) | Destroyed Lightning 33572 | -4/Hub_04(d) | Destroyed Lightning 33597 | -4/Hub_04(d) | Found Prototype Device 33601 | -4/Hub_04(d) | Found Prototype Energy Cannon 33615 | -4/Hub_04(d) | Entered Research 33615 | -3/Research | Evolved 2 slots: Power x1, Utility x1 33616 | -3/Research | Identified Exp. Phase Shifter 33634 | -3/Research | Lost 3 parts (2n1w) 33823 | -3/Research | Revision forces began assault on 0b10 33824 | -3/Research | Met up with Revision 17++ 34064 | -3/Research | Discovered new exit (range 6) 34094 | -3/Research | Identified exit to Armory 34317 | -3/Research | Spotted B-86 Titan 34323 | -3/Research | Research terminal network offline 34330 | -3/Research | Destroyed B-86 Titan 34460 | -3/Research | Entered Armory 34961 | -3/Armory | Destroyed 9 combat bots 35460 | -3/Armory | First assault squad dispatched 35472 | -3/Armory | Destroyed 7 combat bots 35736 | -3/Armory | Discovered new exit (range 10) 35750 | -3/Armory | Identified exit to Lab 35752 | -3/Armory | Entered Lab 35754 | -3/Lab | Discovered new exit (range 10) 35817 | -3/Lab | Identified exit to Research 35824 | -3/Lab | Hidden lab's door opened automatically 35824 | -3/Lab | Sensor layout match revealed 35825 | -3/Lab | Gained access to the hidden lab's interior 35915 | -3/Lab | Unable to decrypt terminal 35954 | -3/Lab | Found Alien Artifact 35954 | -3/Lab | Identified Integrated Mediator 35954 | -3/Lab | Installed Integrated Mediator, increased core attachment efficiency 35962 | -3/Lab | Found Alien Artifact 35962 | -3/Lab | Identified Core Expander 35962 | -3/Lab | Installed Core Expander, added new Weapon slot 35977 | -3/Lab | Found Alien Artifact 36109 | -3/Lab | Unable to decrypt terminal 36251 | -3/Lab | Build established: Scavenger-Tank 36467 | -3/Lab | Found Prototype Hackware 36660 | -3/Lab | Found Prototype Special Weapon 36669 | -3/Lab | Identified Gui. Remote Datajack 36707 | -3/Lab | Found Prototype Device 36834 | -3/Lab | Identified AEGIS Remote Shield 36837 | -3/Lab | Entered Research 36837 | -2/Research | Evolved 2 slots: Utility x2 36851 | -2/Research | Identified Deep Network Scanner 36852 | -2/Research | Identified exit to Testing 37138 | -2/Research | Build established: Hacker-Skirmisher 37182 | -2/Research | Identified exit to Access 37925 | -2/Research | Build established: Hacker-Tank 38339 | -2/Research | Watched by a mysterious "MATRIX" hacker 38513 | -2/Research | Build established: Scavenger-Tank 38716 | -2/Research | Entered Access 38716 | -1/Access | Evolved 2 slots: Utility x2 39477 | -1/Access | Build established: Hacker-Tank 39612 | -1/Access | Central database locked down 39711 | -1/Access | Spotted B-99 Colossus 39797 | -1/Access | Spotted B-99 Colossus 39826 | -1/Access | Discovered new exit (range 4) 39829 | -1/Access | Identified exit to Command 39830 | -1/Access | Entered Command 39857 | -1/Command | Found Unknown Device 39857 | -1/Command | Identified Quantum Capacitor 39860 | -1/Command | Lost 14 parts (3p3n4u4w) 40086 | -1/Command | Build established: Scavenger-Tank 40708 | -1/Command | Build established: Scavenger-Mutant 40895 | -1/Command | Spotted M Guard 40902 | -1/Command | Spotted M Guard 40908 | -1/Command | Spotted Combat Programmer 40908 | -1/Command | Spotted Combat Programmer 40948 | -1/Command | Destroyed Combat Programmer 40953 | -1/Command | Destroyed Combat Programmer 40966 | -1/Command | Destroyed M Guard 40977 | -1/Command | Destroyed M Guard 40977 | -1/Command | All MAIN.C guards destroyed 40990 | -1/Command | Found Corrupted Prototype Energy Cannon 40990 | -1/Command | Identified Cld. Nova Cannon 40995 | -1/Command | Found Corrupted AEGIS Remote Shield 41000 | -1/Command | Found Corrupted Prototype Processor 41000 | -1/Command | Identified Exp. Targeting Computer 41005 | -1/Command | Lost 11 parts (3p3n2u3w) 41326 | -1/Command | Met MAIN.C 41334 | -1/Command | System corruption reached 10% 41412 | -1/Command | Released all parts (16) 41433 | -1/Command | Interfaced with 0b10 Conduit 41433 | *** | Assimilated 0b10! Last Messages --------------- 41412_ Released Exp. Targeting Computer. 41412_ Released Arm. Heavy Treads. 41412_ Released Imp. Heavy Treads. 41412_ Released Quantum Capacitor. 41412_ Released Huge Storage Unit. 41412_ Released Enh. Optical Array. 41412_ Released Cryofiber Web. 41412_ Released Adv. Signal Interpreter. 41412_ Released Adv. Targeting Computer. 41412_ Released Adv. Heat Sink. 41412_ Released Imp. Dynamic Insulation System. 41412_ Released Mic. Antimatter Reactor. 41412_ Released Med. Treads. 41412_ Released AEGIS Remote Shield. 41412_ Released Arm. Medium Treads. 41416_ System corrupted: Matter fused (-10). 41431_ K-01 Serf cleans the 0b10 Conduit. 41433_ Interfacing with system... 41433_ Overriding active MAIN.C lock. [Achievement: MAIN.CPP] Map ----- +----------------------------------------------------+ | ?????????????????????????????????????????????????? | | ?????????????????????????????????????????????????? | | ?????????????????????????????????????????????????? | | ?????????????????????????????????????????????????? | | ?????????????????????????????????????????????????? | | ?????????????????????????????????????????????????? | | ?????????????????????????????????????????????????? | | ?????????????????????????????????????????????????? | | # ######################################### | | # ######################################### | | # ######################################### | | # ######################################### | | # ######################################### | | # ######################################### | | # #####""""""" """" ############### | | # #####"" "" ############### | | #### #####""""" "" ############### | | # #####""""""""""" / | | # #####" " """ / | | # #####"" """""" ; | | # #####"" """""" ############### | | # ##### " """""" ############### | | # ##### " "" ############### | | #### ##### " " k ""############### | | #### #####""""""""" """""""############### | | #### #####"" @"""""""""############### | | #### ##### """""""""""############### | | #### ##### " " " " ############### | | #### ##### " " " " ############### | | """ " " " """" " ############### | | """ """ " " """" ############### | | """ " " " " ############### | | ############## """""""""" " ############### | | ############## " """ " """"""""############### | | ############## """ " " " ############### | | ################################################## | | ################################################## | | ################################################## | | ################################################## | | ################################################## | | ################################################## | | ################################################## | | ################################################## | | ?????????????????????????????????????????????????? | | ?????????????????????????????????????????????????? | | ?????????????????????????????????????????????????? | | ?????????????????????????????????????????????????? | | ?????????????????????????????????????????????????? | | ?????????????????????????????????????????????????? | | ?????????????????????????????????????????????????? | +----------------------------------------------------+ Best States ------------- Heat Dissipation 166 Energy Generation 71 Energy Capacity 850 Matter Stores 300 Matter Capacity 300 Sight Range 22 Robot Scan Range 16 Terrain Scan Density 10 Base Temperature (-) 100 EM Shielding 3 Armor Coverage 1200 Resistance: KI 25 Resistance: TH 30 Resistance: EM 25 Point Defense Rating 160 Phase Shifting 20 Evasion (%) 60 Targeting Accuracy 20 Core Analysis 6 Recoil Reduction 6 Particle Charging 15 Offensive Hacking 25 Relay Coupler Types 2 Relay Coupler Value 43 Item Schematics ----------------- Lgt. Regenerative Plating | -7/Data Miner | Free Combat Drone Bay | -7/Data Miner | Free Biomechanical Wings | -7/Data Miner | Free Thermal Defense Suite | -7/Data Miner | Free Imp. Heavy Machine Gun | -7/Data Miner | Free Arm. Medium Treads | -7/Data Miner | Free Lrn. Tractor Beam | -7/Data Miner | Free Variable Charge Gun | -7/Data Miner | Free Imp. Actuator Array | -7/Data Miner | Free Point Defense System | -7/Data Miner | Free Adv. Cooling System | -7/Data Miner | Free Adv. Thermal Generator | -7/Data Miner | Free Adv. Thermal Shield | -7/Data Miner | Free Robot Schematics ------------------ H-55 Commando | -7/Data Miner | Free W-25 Informer | -7/Data Miner | Free L-41 Fighter | -7/Data Miner | Free H-66 Slayer | -7/Data Miner | Free B-60 Warrior | -7/Data Miner | Free S-27 Virus | -7/Data Miner | Free B-48 Gladiator | -7/Data Miner | Free Fabricated ------------ Imp. Dynamic Insulation System | x2 | -7/Factory | Preloaded Repaired ---------- Nothing Studied --------- Lgt. Treads | -9/Materials | Hacked Particle Cannon | -9/Materials | Hacked Particle Gun | -8/Materials | Hacked Field Laser | -8/Materials | Hacked Rocket Launcher | -8/Materials | Hacked Hvy. Laser | -7/Factory | Hacked Hvy. Plasma Cannon | -7/Factory | Hacked Phase Cannon | -6/Factory | Hacked Enh. Nova Cannon | -2/Research | Hacked Gamma Rifle | -2/Research | Hacked Nova Cannon | -1/Access | Hacked Quantum Reactor | -1/Access | Hacked Alien Tech Used ----------------- Integrated Mediator Core Expander Achievements -------------- Anyone Home? MAIN.CPP Challenges ------------ None Game ------ Seed GrenadeProjectileFlail Manual? 0 Play Time 05:29:09 Cumulative 348.0 hours Start 2026.09.06 @ 17:04:13 End 2026.09.07 @ 06:16:06 Sessions 5 Manual Loads 0 Difficulty Rogue Special Mode None Game No. 324 Rogue 270 Adventurer 54 Explorer 0 Win Type 4 Total 17 Types 11/1/1/1/1/0/0/1/0/1 Lore% 81 Gallery% 69 Achievement% 65 Wizard Run 0 Options --------- Layout 1 ASCII 0 Keyboard 0 Movement Mouse Keybinds 1 Fullscreen 2 Font 32/Tamsyn Map View 50x35 Zoom Use 0% Tactical HUD 1 Map Filters NONE Filters NONE Steam 1 RUN: cd64e350-c346-4f88-aaf1-74caac407c4a